 Dungeon Crawl Stone Soup version 0.29-a0-266-gf56f883ddd (webtiles) character file.

Game seed: 6256446124984787268

398561 Leszczynek the Lord of Darkness (level 23, -6/226 (227) HPs)
             Began as a Human Gladiator on Nov 30, 2021.
             Was the Champion of Kikubaaqudgha.
             Killed from afar by a hellion (26 damage)
             ... with damnation
             ... in the Vestibule of Hell on Mar 6, 2022.
             The game lasted 07:05:39 (23993 turns).

Leszczynek the Lord of Darkness (Human Gladiator)  Turns: 23993, Time: 07:05:39

HP:   -6/226 (227)  AC: 35    Str: 22    XL:     23   Next: 52%
MP:   11/49         EV: 16    Int: 36    God:    Kikubaaqudgha [******]
Gold: 3527          SH:  5    Dex: 13    Spells: 4/48 levels left

rFire   + . .      SeeInvis .   a - +12 flail of Heasiach {pain, +Blink rCorr MP+9}
rCold   + . .      Faith    .   t - +0 buckler
rNeg    + . .      Spirit   .   (body armour currently unavailable)
rPois   ∞          Reflect  .   B - +2 helmet {Int+3}
rElec   +          Harm     .   I - +2 cloak {Will+}
rCorr   +          Rampage  .   (gloves currently unavailable)
Will    +++..      Rage     1%  (boots currently unavailable)
Stlth   +++.......              S - amulet of Dim Light {RegenMP Regen+ Int+6}
HPRegen 1.27/turn               U - ring of Zin's Pride {rElec rF+ Int+6 Dex-2}
MPRegen 0.71/turn               y - ring of Dorouz {rElec rC+ Will+ Str+6 Int+3}

@: statue-form, death channelling, studying Earth Magic, lightly drained, very
slow
A: slow and powerful, torment resistance 1, boosted hp, berserk 1, subdued magic
1
}: 4/15 runes: decaying, slimy, silver, gossamer
a: End Transformation, Renounce Religion, Evoke Blink, Receive Corpses, Torment


You were in the Vestibule of Hell.
You worshipped Kikubaaqudgha.
Kikubaaqudgha was exalted by your worship.
You were a living statue of rough stone.
You visited 11 branches of the dungeon, and saw 47 of its levels.

You collected 6268 gold pieces.
You spent 2741 gold pieces at shops.

Inventory:

Hand Weapons
 a - the +12 flail of Heasiach (weapon) {pain, +Blink rCorr MP+9}
   (You found it on level 2 of the Lair of Beasts)

   In the hands of one skilled in necromantic magic, it inflicts extra damage on
   living creatures.
   MP:        It affects your magic capacity (+9).
   +Blink:    It lets you blink.
   rCorr:     It protects you from acid and corrosion.
 b - a +4 long sword
Missiles
 H - a throwing net
 Y - 21 boomerangs (quivered)
Armour
 t - a +0 buckler (worn)
 B - a +2 helmet of intelligence (worn)
 E - a +0 pair of boots of stealth (melded)
 I - a +2 cloak of willpower (worn)
 M - a +2 robe of resistance (melded)
 Z - the +0 pair of gloves of Unuce (melded) {Drain +Blink rF+ Will+}
   (You acquired it on level 13 of the Dungeon)

   rF:        It protects you from fire.
   +Blink:    It lets you blink.
   Drain:     It drains your maximum health when unequipped.
   Will:      It increases your willpower.
Jewellery
 e - the ring of the Tortoise {AC+8}
   (You found it on level 3 of the Elven Halls)

   [ring of protection]

   AC:        It affects your AC (+8).
 o - the ring of Lugonu's Regard {Str+6 Int+9 SInv}
   (You took it off a vault guard on level 5 of the Vaults)

   [ring of strength]

   Str:       It affects your strength (+6).
   Int:       It affects your intelligence (+9).
   SInv:      It lets you see invisible.
 y - the ring of Dorouz (right fist) {rElec rC+ Will+ Str+6 Int+3}
   (You acquired it on level 6 of the Lair of Beasts)

   [ring of strength]

   Str:       It affects your strength (+6).
   Int:       It affects your intelligence (+3).
   rC:        It protects you from cold.
   rElec:     It insulates you from electricity.
   Will:      It increases your willpower.
 L - the ring "Adys" {Fly Will+ Str+4}
   (You took it off a deep elf death mage on level 3 of the Elven Halls)

   [ring of willpower]

   Str:       It affects your strength (+4).
   Fly:       It grants you flight.
   Will:      It increases your willpower.
 S - the amulet of Dim Light (around neck) {RegenMP Regen+ Int+6}
   (You bought it in a shop on level 8 of the Dungeon)

   [amulet of magic regeneration]

   It increases your rate of magic regeneration.
   Int:       It affects your intelligence (+6).
   Regen:     It increases your rate of health regeneration.
 U - the ring of Zin's Pride (left fist) {rElec rF+ Int+6 Dex-2}
   (You found it on level 4 of the Lair of Beasts)

   [ring of intelligence]

   Int:       It affects your intelligence (+6).
   Dex:       It affects your dexterity (-2).
   rF:        It protects you from fire.
   rElec:     It insulates you from electricity.
Wands
 l - a wand of charming (12)
 q - a wand of paralysis (2)
 A - a wand of iceblast (23)
 F - a wand of mindburst (4)
 P - a wand of digging (14)
 X - a wand of acid (11)
Scrolls
 c - 2 scrolls of immolation {!r}
 d - a scroll of torment {!r}
 f - 10 scrolls of fog
 g - 2 scrolls of summoning
 j - 3 scrolls of holy word {!r}
 k - 14 scrolls of teleportation
 n - 10 scrolls of vulnerability {!r}
 p - 4 scrolls of blinking
 r - 10 scrolls of enchant weapon
 w - 5 scrolls of fear
 G - 5 scrolls of magic mapping
 O - 2 scrolls of amnesia
 R - 5 scrolls of enchant armour
Potions
 h - 2 potions of haste
 i - 7 potions of mutation {!q}
 m - 4 potions of cancellation
 s - 3 potions of heal wounds {@q2}
 u - 6 potions of lignification {!q}
 z - 13 potions of curing {@q1}
 D - a potion of resistance
 K - 7 potions of ambrosia
 N - 3 potions of flight
 Q - 7 potions of might
 T - 3 potions of magic
 W - 4 potions of brilliance
Miscellaneous
 v - a phantom mirror
 x - a lightning rod (4/4)
 V - a condenser vane


   Skills:
 - Level 13.2 Fighting
 - Level 4.0(8.5) Axes
 + Level 11.7(12.0) Maces & Flails
 - Level 2.3 Throwing
 - Level 10.4 Dodging
 - Level 6.0 Stealth
 - Level 4.0 Shields
 - Level 13.0 Spellcasting
 + Level 4.7 Summonings
 - Level 19.0 Necromancy
 - Level 4.0 Translocations
 * Level 13.5 Transmutations
 - Level 9.4 Ice Magic
 - Level 18.7 Earth Magic
 - Level 4.4 Evocations


You had 4 spell levels left.
You knew the following spells:

 Your Spells              Type           Power      Damage    Failure   Level
a - Statue Form           Tmut/Erth      54%        N/A       1%          6
c - Frozen Ramparts       Ice            100%       1d12      1%          3
d - Infestation           Necr           44%        N/A       4%          8
e - Borgnjor's Vile Clut  Necr/Erth      44%        N/A       0%          5
f - Simulacrum            Ice/Necr       38%        N/A       1%          6
g - Haunt                 Necr/Summ      35%        N/A       12%         7
h - Sublimation of Blood  Necr           89%        N/A       0%          2
x - Death Channel         Necr           44%        N/A       1%          6
A - Apportation           Tloc           80%        N/A       1%          1

Your spell library contained the following spells:

 Spells                   Type           Power      Damage    Failure   Level
 Beastly Appendage        Tmut           100%       N/A       0%          1
 Pain                     Necr           100%       1d9       0%          1
 Wereblood                Tmut           75%        N/A       0%          2
 Vampiric Draining        Necr           89%        2d12      0%          3
 Animate Dead             Necr           44%        N/A       0%          4
 Dispel Undead            Necr           89%        3d28      0%          4
 Freeze                   Ice            100%       1d11      1%          1
 Magic Dart               Conj           72%        1d6       1%          1
 Slow                     Hex            72%        N/A       1%          1
 Sting                    Tmut/Pois      100%       1d8       1%          1
 Corpse Rot               Necr/Air       100%       N/A       1%          2
 Ensorcelled Hibernation  Hex/Ice        88%        N/A       1%          2
 Call Canine Familiar     Summ           44%        N/A       1%          3
 Ignite Poison            Fire/Tmut/Pois 42%        N/A       1%          3
 Portal Projectile        Hex/Tloc       58%        N/A       1%          3
 Spider Form              Tmut/Pois      53%        N/A       1%          3
 Anguish                  Hex/Necr       31%        N/A       1%          4
 Leda's Liquefaction      Hex/Erth       31%        N/A       1%          4
 Summon Ice Beast         Ice/Summ       55%        N/A       1%          4
 Poisonous Vapours        Pois/Air       36%        N/A       2%          2
 Searing Ray              Conj           36%        2d5       2%          2
 Static Discharge         Conj/Air       18%        N/A       2%          2
 Hailstorm                Conj/Ice       44%        3d10      2%          4
 Passage of Golubria      Tloc           40%        N/A       3%          4
 Confusing Touch          Hex            18%        N/A       4%          3
 Dazzling Flash           Conj/Hex       36%        N/A       4%          3
 Mephitic Cloud           Conj/Pois/Air  18%        N/A       4%          3
 Tukima's Dance           Hex            18%        N/A       4%          3
 Iskenderun's Mystic Bla  Conj/Tloc      29%        2d7       8%          4
 Fulminant Prism          Conj/Hex       9%         3d7       19%         4
 Blade Hands              Tmut           37%        N/A       1%          5
 Irradiate                Conj/Tmut      26%        3d22      2%          5
 Borgnjor's Revivificati  Necr           44%        N/A       4%          8
 Iron Shot                Conj/Erth      31%        9d6       5%          6
 Dragon Form              Tmut           37%        N/A       5%          7
 Metabolic Englaciation   Hex/Ice        22%        N/A       7%          5
 Summon Forest            Summ/Tloc      21%        N/A       8%          5
 Freezing Cloud           Conj/Ice/Air   17%        6-21      14%         5
 Necromutation            Tmut/Necr      41%        N/A       16%         8
 Fireball                 Conj/Fire      9%         3d6       47%         5
 Lightning Bolt           Conj/Air       9%         1d21      47%         5
 Silence                  Hex/Air        9%         N/A       47%         5
 Death's Door             Necr           44%        N/A       61%         9
 Shatter                  Erth           44%        3d34*     65%         9
 Storm Form               Tmut/Air       26%        N/A       71%         7
 Summon Hydra             Summ           22%        N/A       93%         7
 Conjure Ball Lightning   Conj/Air       9%         3x3d6     96%         6
 Starburst                Conj/Fire      9%         6d5       96%         6
 Malign Gateway           Summ/Tloc      21%        N/A       96%         7
 Lehudib's Crystal Spear  Conj/Erth      31%        10d8      96%         8
 Enfeeble                 Hex            9%         N/A       100%        7
 Discord                  Hex            9%         N/A       100%        8
 Disjunction              Tloc           20%        N/A       100%        8
 Ignition                 Fire           9%         3d5       100%        8
 Maxwell's Capacitive Co  Air            9%         ∞         100%        8


Dungeon Overview and Level Annotations

Branches:
Dungeon (15/15)            Temple (1/1) D:7            Lair (6/6) D:9
  Swamp (4/4) Lair:2       Spider (4/4) Lair:4        Slime (5/5) Lair:6
    Orc (2/2) D:12            Elf (3/3) Orc:2        Vaults (5/5) D:13
 Depths (1/4) D:15           Hell (1/1)                 Geh (0/7) Hell
  Crypt: Vaults:2-3     Dis: Hell:1         Coc: Hell:1         Tar: Hell:1

Altars:
Ashenzari
Cheibriados
Dithmenos
Elyvilon
Fedhas
Gozag
Hepliaklqana
Kikubaaqudgha
Makhleb
Nemelex Xobeh
Okawaru
Qazlal
Ru
Sif Muna
Trog
Uskayaw
Vehumet
Wu Jian
Xom
Yredelemnul
Zin
The Shining One
Beogh
Jiyva

Shops:
D:2 ?   D:4 !   D:8 =   D:13 =?*[   D:14 [   Orc:2 [(?[   Elf:2 *   Vaults:5 [

Portals:
Hell: Depths:1
Trove: D:14 (give horn of Geryon)

Annotations:
D:6 2 runed translucent doors, DEFE's ghost, novice MiFi
D:7 3 runed translucent doors, casual's ghost, novice TrMo
D:9 2 runed translucent doors
D:14 HORN OF GERYON TROVE
Lair:3 robe of vines with an oklob, exclusion: oklob plant
Orc:1 3 runed translucent doors, Ibis19's ghost, journeyman MiBe; Tribosh's ghost, journeyman FeAE
Elf:2 3 runed translucent doors
Vaults:2 crypt?
Hell Geryon


Innate Abilities, Weirdness & Mutations

You are a living statue of rough stone.
Your actions are slow, but your melee attacks are powerful.
You are resistant to unholy torment.
Your maximum health is greatly increased.
You are immune to poison.
Your equipment is partially melded.
You tend to lose your temper in combat.
Your spells are a little easier to cast, but a little less powerful.


Message History

The stone giant skeleton misses your death scarab.
Your spectral necromancer misses the spriggan defender zombie.
Unknown command.
Unknown command.
Unknown command.
Unknown command.
Unknown command.
Casting: Borgnjor's Vile Clutch (safe; 0% risk of failure)
Confirm with . or Enter, or press ? or * to list all spells.
Aiming: Borgnjor's Vile Clutch (safe; 0% risk of failure)
Press: ? - help, Shift-Dir - straight line, f - soul eater, p - stone giant skeleton
Aim: a soul eater (100% to hit)
Zombie hands grab the soul eater.
Zombie hands grab the spriggan defender zombie.
You are covered in liquid flames!
* * * LOW HITPOINT WARNING * * *
You are no longer on fire.
Your surroundings suddenly seem different.
The zombie hands lose their grip on something. x2
A hellion and 2 hell knights come into view.
A hell knight is wielding a +0 battleaxe of draining.
Found three gateways back to the Dungeon.
The zombie hands constrict the stone giant skeleton!
The zombie hands constrict the hell beast!!
The hell knight shouts! x5
The hell beast struggles to escape constriction.
The hellion gestures at you.
The sphere of damnation explodes!
The damnation engulfs you!!!
* * * LOW HITPOINT WARNING * * *
The hell beast struggles to escape constriction.
The hell knight gestures wildly while chanting.
The hell knight seems to speed up.
The hell knight mumbles some strange words.
The hell knight seems to speed up.
A putrid mouth comes into view.
The stone giant skeleton escapes!
The hellion gestures at you.
The sphere of damnation explodes!
The damnation engulfs you!!
You die...
Kikubaaqudgha rasps: "You have failed me!
Welcome... oblivion!"

.... .# ...# ..# W..# ...#
#...## ....# #.....# .....#
##....... §.≈ZZ9# ##....pp..
Z≈.≈932## #.8....p..p.## #.
≈.≈.929.## #.......2...pp## #..
.§.939{3B##&p......p......##...
≈.≈3§33Z..Z.....p.∩.p.p........
.∩.≈.§§§.Z2......p.∩..3.......
§.≈.≈.........3...∩.........
.≈.§.....##.............^.#
≈.§.≈...####............∩#
.§.≈...## #...........##


You could see Geryon, a hell beast (summoned, clutched), a putrid mouth
(wandering), 8 hell knights, a sun demon, a hellion, a stone giant skeleton
(infested) and a friendly spectral necromancer.

Vanquished Creatures
  the Royal Jelly (Slime:5)
  A golden dragon (Vaults:5)
  Nikola (Swamp:1)
  A tentacled monstrosity (Vaults:5)
  A deep elf blademaster (Elf:3)
  17 acid blobs
  3 deep elf master archers (Elf:3)
  A thorn hunter (Swamp:2)
  Kirke (Swamp:1)
  2 tengu reavers (Vaults:5)
  A fenstrider witch (Swamp:2)
  A storm dragon (Vaults:5)
  11 azure jellies (Slime:5)
  5 emperor scorpions
  6 rockslimes
  10 deep elf sorcerers (Elf:3)
  2 ghost moths
  3 orc warlords
  Aizul (Swamp:1)
  5 vault wardens
  A deep elf elementalist (Elf:3)
  12 quicksilver oozes
  A very ugly thing (Vaults:5)
  6 ironbound preservers
  3 war gargoyles
  An eleionoma (Swamp:2)
  2 stone giants
  6 ironbound thunderhulks
  5 deep elf demonologists
  4 dire elephants
  8 deep elf annihilators (Elf:3)
  6 bunyips
  3 entropy weavers
  5 deep elf death magi
  Snorg (D:13)
  2 great orbs of eyes
  2 ettins
  A crystal guardian (Vaults:4)
  5 deep elf high priests (Elf:3)
  5 yaktaur captains
  Josephine (D:10)
  12 vault guards
  6 boulder beetles
  2 shambling mangroves (Swamp:4)
  3 rakshasas
  18 hydras
  2 ogre magi (D:10)
  A peacekeeper (Vaults:4)
  2 catoblepae
  3 ironbound frosthearts
  8 centaur warriors
  17 dancing weapons
  6 two-headed ogres
  5 alligators
  11 death yaks
  3 tengu warriors
  2 orc high priests (Orc:2)
  7 deep elf knights
  3 hell knights (Vaults:5)
  2 skeletal warriors (Vaults:2)
  2 goliath frogs (Swamp:2)
  A fire crab (shapeshifter) (D:15)
  21 deep trolls
  A quicksilver dragon simulacrum (Depths:1)
  8 swamp dragons
  A spriggan druid (Swamp:2)
  11 deep elf archers
  A deep troll (shapeshifter) (Vaults:5)
  A glowing orange brain (Slime:3)
  3 phantasmal warriors (Vaults:5)
  7 lindwurms
  3 wizards
  4 bog bodies
  2 orc knights
  15 deep elf zephyrmancers
  6 necromancers
  13 wolf spiders
  20 deep elf pyromancers
  15 ugly things
  2 moths of wrath
  5 ironbound convokers
  3 orc sorcerers (Orc:2)
  3 shining eyes
  4 cyclopes
  A sphinx skeleton (Depths:1)
  A will-o-the-wisp (Swamp:1)
  3 manticores
  7 black mambas
  16 elephants
  An eye of devastation (shapeshifter) (Elf:3)
  A titan simulacrum (Depths:1)
  11 cane toads
  A torpor snail (Spider:3)
  3 eyes of devastation
  8 vault sentinels
  4 kobold demonologists
  An efreet (D:10)
  Psyche (D:8)
  5 demonic crawlers
  11 komodo dragons
  3 rime drakes
  12 orb spiders
  A tengu conjurer (D:15)
  13 yaktaurs
  A troll (shapeshifter) (D:14)
  2 bloated husks (Swamp:1)
  2 polar bears
  11 hornets
  4 trolls
  9 jumping spiders
  9 blink frogs
  Prince Ribbit (D:6)
  17 slime creatures
  12 tarantellas
  A dream sheep (Lair:6)
  A tyrant leech (Swamp:2)
  35 redbacks
  An ettin skeleton (Vaults:2)
  55 yaks
  A water elemental (Elf:2)
  3 air elementals
  4 wraiths
  7 spriggans
  A shadow (D:11)
  3 vampires
  5 wyverns
  Grum (D:10)
  2 basilisks
  14 humans (D:13)
  2 hogs (Swamp:1)
  A fire elemental (Elf:1)
  9 golden eyes
  13 vampire mosquitoes
  2 steam dragons (D:9)
  11 wargs
  5 swamp worms
  3 acid dragons
  13 water moccasins
  2 ice beasts
  47 orc warriors
  A sky beast (D:6)
  A spriggan simulacrum (Depths:1)
  A swamp drake (Swamp:4)
  3 ogres (Orc:1)
  A boggart (Vaults:2)
  15 wolves
  7 centaurs
  A phantom (D:5)
  5 kobold brigands
  A human skeleton (Vaults:2)
  7 bullfrogs
  2 earth elementals (Elf:3)
  3 scorpions
  A wyvern skeleton (D:7)
  A water moccasin skeleton (D:5)
  10 wights
  2 howler monkeys (D:11)
  5 centaur zombies
  19 orc priests
  5 jellies
  A bullfrog skeleton (D:5)
  A hound (D:5)
  2 iguanas
  Crazy Yiuf (D:7)
  Natasha (thrice) (D:2)
  7 hell rats (Lair:1)
  28 orc wizards
  2 howler monkey zombies (D:9)
  13 gnolls
  9 adders
  A shadow imp (D:6)
  An ufetubus (D:5)
  An adder skeleton (D:4)
  An adder zombie (D:5)
  5 worms
  5 dart slugs
  100 orcs
  3 endoplasms
  5 giant cockroaches
  5 goblins
  3 hobgoblins
  5 jackals
  19 kobolds
  A quokka (D:1)
  4 ball pythons
  A bat (D:3)
  5 frilled lizards
  A rat (D:1)
  A butterfly (Lair:2)
1158 creatures vanquished.

Vanquished Creatures (collateral kills)
  A dread lich (Vaults:5)
  Margery (Vaults:5)
  2 tentacled monstrosities (Vaults:5)
  A titan (Vaults:5)
  9 acid blobs
  A sphinx (Vaults:5)
  A shadow dragon (Vaults:5)
  Donald (Spider:1)
  4 azure jellies
  2 storm dragons (Vaults:5)
  2 frost giants (Vaults:5)
  2 rockslimes (Slime:5)
  7 emperor scorpions
  2 ghost moths
  2 vault wardens
  2 deep elf elementalists (Elf:3)
  4 quicksilver oozes
  7 ironbound preservers
  A war gargoyle (Vaults:3)
  2 very ugly things (Vaults:5)
  An ironbound thunderhulk (Vaults:1)
  3 stone giants (Vaults:5)
  3 deep elf demonologists
  A deep elf annihilator (Elf:3)
  2 dire elephants
  2 entropy weavers
  An ettin (Vaults:5)
  2 deep elf death magi (Elf:3)
  3 yaktaur captains
  A shambling mangrove (Swamp:4)
  A boulder beetle (Lair:6)
  A great orb of eyes (Slime:4)
  A peacekeeper (Vaults:3)
  14 vault guards (Vaults:5)
  8 hydras
  7 centaur warriors
  An ironbound frostheart (Vaults:1)
  3 death yaks (Lair:6)
  An alligator (Swamp:2)
  A deep troll earth mage (Vaults:5)
  2 deep elf knights (Elf:3)
  2 hell knights (Vaults:5)
  A goliath frog (Swamp:1)
  7 swamp dragons
  A glowing orange brain (Slime:5)
  11 deep trolls
  A bog body (Swamp:1)
  A deep elf archer (Elf:3)
  3 lindwurms
  A necromancer (D:15)
  3 ironbound convokers
  2 deep elf pyromancers
  3 deep elf zephyrmancers
  2 ugly things
  10 wolf spiders
  3 elephants
  2 shining eyes
  6 vault sentinels
  A black mamba (Lair:6)
  2 cane toads (Lair:6)
  3 torpor snails
  6 demonic crawlers
  A komodo dragon (D:13)
  10 orb spiders
  A freezing wraith (Vaults:5)
  6 yaktaurs
  A troll (D:13)
  2 tyrant leeches
  5 dream sheep (Lair:6)
  12 slime creatures
  8 hornets
  12 tarantellas
  3 blink frogs (Lair:4)
  An air elemental (Elf:1)
  22 jumping spiders
  A spriggan (Swamp:2)
  33 redbacks
  A shadow (D:11)
  A wraith (D:10)
  A fire elemental (Elf:3)
  4 humans (D:13)
  4 golden eyes (Slime:4)
  9 yaks
  A swamp worm (Swamp:2)
  2 water moccasins (Lair:6)
  6 swamp drakes (Swamp:4)
  A centaur (D:10)
  A scorpion (Spider:1)
  A fungus (Lair:6)
334 creatures vanquished.

Vanquished Creatures (others)
  A deep elf elementalist (Elf:3)
  A deep elf knight (Elf:2)
  A deep elf zephyrmancer (Elf:3)
  A torpor snail (Spider:3)
  A fire elemental (Elf:2)
  A vampire mosquito (D:10)
  35 fungi
  27 plants
  6 withered plants (Orc:1)
74 creatures vanquished.

Grand Total: 1566 creatures vanquished

Notes
Turn   | Place    | Note
-------+----------+-------------------------------------------
     0 | D:1      | Leszczynek the Human Gladiator began the quest for the Orb.
     0 | D:1      | Reached XP level 1. HP: 16/16 MP: 1/1
   222 | D:1      | Reached XP level 2. HP: 21/22 MP: 2/2
   299 | D:1      | Found a faded altar of an unknown god.
   307 | D:1      | Prayed at the altar of an unknown god.
   307 | D:1      | Became a worshipper of Kikubaaqudgha
   307 | D:1      | Reached * piety under Kikubaaqudgha
   307 | D:1      | Received a gift from Kikubaaqudgha
   369 | D:2      | Noticed Natasha
   445 | D:2      | Reached XP level 3. HP: 18/27 MP: 3/3
   650 | D:3      | Noticed a black bear
   650 | D:3      | Found a snail-covered altar of Cheibriados.
   651 | D:3      | wut
   683 | D:2      | Reached skill level 4 in Axes
   868 | D:2      | Killed Natasha
   869 | D:2      | Reached skill level 3 in Fighting
   869 | D:2      | Reached skill level 1 in Spellcasting
   869 | D:2      | Reached XP level 4. HP: 26/35 MP: 3/5
   927 | D:2      | Noticed Natasha
  1024 | D:2      | Reached XP level 5. HP: 22/41 MP: 7/7
  1138 | D:2      | Killed Natasha
  1139 | D:2      | Reached skill level 2 in Spellcasting
  1140 | D:2      | Found Veij's Magic Scroll Shoppe.
  1145 | D:2      | Bought a scroll of teleportation for 39 gold pieces
  1208 | D:3      | Found a sparkling altar of Nemelex Xobeh.
  1209 | D:3      | Reached ** piety under Kikubaaqudgha
  1328 | D:2      | Bought a scroll of identify for 26 gold pieces
  1373 | D:2      | Noticed Natasha
  1379 | D:2      | Killed Natasha
  1380 | D:2      | Reached skill level 1 in Necromancy
  1526 | D:4      | Found a basalt altar of Yredelemnul.
  1596 | D:4      | Reached XP level 6. HP: 40/48 MP: 9/9
  1752 | D:4      | Found Tumukhles's Distillery.
  1763 | D:4      | Bought a potion of heal wounds for 55 gold pieces
  1763 | D:4      | Bought a potion of lignification for 33 gold pieces
  1871 | D:3      | Found an iron altar of Okawaru.
  1886 | D:3      | Reached skill level 2 in Necromancy
  1961 | D:5      | Entered Level 5 of the Dungeon
  2050 | D:4      | Reached skill level 4 in Fighting
  2060 | D:4      | Learned a level 3 spell: Vampiric Draining
  2151 | D:5      | Reached skill level 1 in Shields
  2213 | D:5      | Reached skill level 3 in Necromancy
  2281 | D:5      | Reached XP level 7. HP: 36/54 MP: 10/10
  2301 | D:5      | HP: 10/54 [centaur (1)]
  2302 | D:5      | .........................
  2310 | D:5      | Reached skill level 2 in Shields
  2310 | D:5      | Reached skill level 4 in Necromancy
  2374 | D:5      | Found an ornate altar of the Wu Jian Council.
  2484 | D:5      | HP: 9/54 [centaur (2)]
  2485 | D:5      | HP: 3/54 [centaur (2)]
  2495 | D:5      | did they made centaurs stronger in melee or something
  2495 | D:5      | *did they make
  2506 | D:5      | Reached skill level 3 in Shields
  2695 | D:5      | Found a hazy altar of Hepliaklqana.
  2708 | D:5      | Reached skill level 5 in Necromancy
  2781 | D:6      | Reached XP level 8. HP: 40/60 MP: 11/11
  2856 | D:6      | Found a runed translucent door.
  2860 | D:6      | Noticed DEFE's ghost (novice MiFi)
  2863 | D:6      | Noticed Prince Ribbit
  2894 | D:6      | Learned a level 2 spell: Corpse Rot
  3021 | D:6      | Found a runed translucent door.
  3420 | D:7      | Reached skill level 6 in Necromancy
  3457 | D:7      | Reached skill level 4 in Shields
  3615 | D:7      | Learned a level 3 spell: Frozen Ramparts
  3653 | D:7      | Reached skill level 1 in Ice Magic
  3665 | D:7      | Reached skill level 2 in Ice Magic
  3776 | D:7      | Reached skill level 3 in Ice Magic
  3784 | D:7      | HP: 9/55 [wight (10)]
  3795 | D:7      | Reached XP level 9. HP: 18/62 MP: 12/12
  3936 | D:7      | Found a staircase to the Ecumenical Temple.
  3941 | D:7      | Reached skill level 4 in Ice Magic
  3964 | D:7      | Found a runed translucent door.
  3965 | D:7      | Noticed Crazy Yiuf
  3999 | D:7      | Killed Crazy Yiuf
  4061 | Temple   | Entered the Ecumenical Temple
  4094 | D:7      | nope
  4148 | D:6      | Reached skill level 5 in Ice Magic
  4287 | D:6      | Found a hide-covered altar of Uskayaw.
  4451 | D:8      | Found Caesich's Jewellery Boutique.
  4454 | D:8      | relec rF+ rc+ rcorr dex+6... and int-5 :(
  4454 | D:8      | on the other hand, a regenmp, regen+, int+6 amulet
  4467 | D:8      | Noticed Psyche
  4528 | D:8      | Reached *** piety under Kikubaaqudgha
  4528 | D:8      | Received a gift from Kikubaaqudgha
  4582 | D:8      | Reached skill level 4 in Dodging
  4582 | D:8      | Reached skill level 6 in Ice Magic
  4588 | D:8      | jesus i really need that int amulet XD
  4711 | D:7      | Found a runed translucent gate.
  4712 | D:7      | Found a runed translucent gate.
  4713 | D:7      | Found a runed translucent gate.
  4714 | D:7      | Identified the +8 chain mail of Gallantry {Dex+5}
  4715 | D:7      | Noticed casual's ghost (novice TrMo)
  4799 | D:8      | Killed Psyche
  4800 | D:8      | Reached skill level 5 in Fighting
  4800 | D:8      | Reached skill level 7 in Necromancy
  4895 | D:9      | Found a large runed translucent door.
  4895 | D:9      | Found a large runed translucent door.
  4900 | D:9      | Found a shimmering altar of Xom.
  4901 | D:9      | Noticed a green ugly thing
  4904 | D:9      | Identified the +2 dagger "Garruhudaz" {chaos, rF+ rC++}
  4904 | D:9      | Noticed a kobold demonologist
  4937 | D:9      | Learned a level 4 spell: Animate Dead
  4953 | D:9      | Found a shimmering blue altar of Sif Muna.
  5041 | D:9      | Reached skill level 3 in Spellcasting
  5041 | D:9      | Reached XP level 10. HP: 55/74 MP: 1/14
  5110 | D:9      | Noticed a death yak
  5253 | D:10     | Entered Level 10 of the Dungeon
  5267 | D:10     | Reached skill level 8 in Necromancy
  5269 | D:10     | Noticed Grum
  5341 | D:10     | Killed Grum
  5422 | D:9      | Noticed a death yak
  5422 | D:9      | Noticed a death yak
  5422 | D:9      | Noticed a death yak
  5422 | D:9      | Found a staircase to the Lair.
  5735 | D:9      | Reached skill level 6 in Fighting
  5735 | D:9      | Reached skill level 4 in Spellcasting
  5743 | D:9      | Learned a level 5 spell: Borgnjor's Vile Clutch
  5905 | D:9      | Found a glowing golden altar of the Shining One.
  6017 | D:9      | Found a white marble altar of Elyvilon.
  6031 | D:9      | Reached skill level 2 in Earth Magic
  6036 | D:9      | Found a burning altar of Makhleb.
  6083 | D:10     | Reached skill level 3 in Earth Magic
  6381 | D:10     | Reached skill level 4 in Earth Magic
  6436 | D:10     | Reached skill level 5 in Earth Magic
  6439 | D:10     | Reached skill level 6 in Earth Magic
  6445 | D:10     | Reached XP level 11. HP: 64/81 MP: 2/17
  6572 | D:10     | Reached skill level 7 in Earth Magic
  6605 | D:10     | Noticed a two-headed ogre
  6607 | D:10     | HP: 6/81 [acid dragon/splash of acid (35)]
  6797 | D:10     | Identified the +3 leather armour "Sokkat" {rElec}
  6797 | D:10     | Noticed a tengu warrior
  6798 | D:10     | hmmmmmmmmmmmm
  6808 | D:10     | Noticed an ogre mage
  6810 | D:10     | uhhhhhhhhhhhhhh
  6816 | D:9      | this is going to be a problem
  6816 | D:9      | Upgraded the game from 0.28-a0-957-g42eb19b844 to
                  | 0.28-a0-973-ga7f8b01127
  6917 | D:9      | Killed a death yak
  6918 | D:9      | Reached skill level 5 in Spellcasting
  6918 | D:9      | Reached skill level 9 in Necromancy
  6918 | D:9      | H E L P
  6918 | D:9      | i don't have mana for this shit
  6918 | D:9      | BVC at stellar 11% (eleven percent) power
  6918 | D:9      | 13 int doing work
  6918 | D:9      | oh, sorry, killing that dyak made it go to 12 (twelve) %
  7019 | D:9      | you dumb sheep how did you lose me
  7028 | D:9      | it's stuck behind the wall isn't it
  7058 | D:9      | sdfsfsdfsdf
  7115 | D:9      | Killed a death yak
  7116 | D:9      | Reached skill level 8 in Earth Magic
  7133 | D:9      | speedrun here btw
  7249 | D:9      | Killed a death yak
  7275 | D:9      | Killed a death yak
  7425 | D:10     | Killed a two-headed ogre
  7515 | D:11     | Reached **** piety under Kikubaaqudgha
  7516 | D:11     | Reached skill level 10 in Necromancy
  7751 | D:11     | Reached skill level 6 in Spellcasting
  7802 | D:10     | please
  7802 | D:10     | i "only" need 209 gold more
  7821 | D:10     | Noticed a two-headed ogre
  7861 | D:10     | Killed a two-headed ogre
  7892 | D:10     | Noticed a two-headed ogre
  7901 | D:10     | Killed a two-headed ogre
  7902 | D:10     | Reached XP level 12. HP: 60/88 MP: 1/21
  8205 | D:10     | Reached skill level 11 in Necromancy
  8279 | Lair:1   | Entered Level 1 of the Lair of Beasts
  8280 | Lair:1   | Upgraded the game from 0.28-a0-973-ga7f8b01127 to
                  | 0.28-a0-983-g1de4e0787c
  8441 | Lair:1   | 153 gold left
  8547 | Lair:1   | 80
  8577 | Lair:1   | Reached skill level 7 in Fighting
  8585 | Lair:1   | Reached skill level 7 in Spellcasting
  8696 | Lair:1   | 55
  8740 | Lair:2   | Identified the +12 flail of Heasiach {pain, +Blink rCorr
                  | MP+9}
  8741 | Lair:2   | !!!!!!!!!!!!!!!!!!!!!!!
  8752 | Lair:2   | HP: 17/91 [poisoned by a cane toad]
  8754 | Lair:1   | ow
  8756 | Lair:1   | but i got it
  8757 | Lair:1   | HP: 12/91 [poisoned by a cane toad]
  9021 | Lair:2   | Reached skill level 5 in Dodging
  9512 | Lair:3   | Noticed a six-headed hydra
  9535 | Lair:3   | Reached skill level 8 in Fighting
  9542 | Lair:3   | Reached skill level 1 in Evocations
  9659 | D:8      | Bought the amulet of Dim Light {RegenMP Regen+ Int+6} for
                  | 595 gold pieces
  9670 | D:8      | gotcha
  9670 | D:8      | Upgraded the game from 0.28-a0-983-g1de4e0787c to
                  | 0.28-a0-1080-g05a166d0ed
  9673 | D:8      | Upgraded the game from 0.28-a0-1080-g05a166d0ed to
                  | 0.28-a0-1159-g27aa881441
  9700 | D:10     | Reached skill level 12 in Necromancy
  9700 | D:10     | Reached XP level 13. HP: 98/98 MP: 23/23
  9707 | D:10     | Paralysed by something for 2 turns
  9713 | D:10     | Killed an ogre mage
  9714 | D:10     | Reached skill level 1 in Maces & Flails
  9714 | D:10     | Reached skill level 7 in Ice Magic
  9714 | D:10     | Reached skill level 2 in Evocations
  9759 | D:10     | Noticed an ogre mage
  9774 | D:10     | Killed an ogre mage
  9775 | D:10     | Reached skill level 2 in Maces & Flails
  9799 | D:10     | Reached ***** piety under Kikubaaqudgha
  9847 | D:10     | Reached skill level 3 in Maces & Flails
  9848 | D:10     | Upgraded the game from 0.28-a0-1159-g27aa881441 to
                  | 0.28-a0-1174-g766a6a42ef
  9908 | D:10     | Reached skill level 3 in Evocations
  9931 | D:10     | Reached skill level 4 in Maces & Flails
  9981 | D:10     | Noticed Josephine
  9992 | D:10     | Killed Josephine
 10024 | D:10     | Reached skill level 5 in Maces & Flails
 10079 | D:10     | Reached skill level 4 in Evocations
 10178 | D:11     | Reached skill level 8 in Ice Magic
 10191 | D:11     | Learned a level 6 spell: Simulacrum
 10805 | D:12     | Found a staircase to the Orcish Mines.
 10875 | Orc:1    | Entered Level 1 of the Orcish Mines
 10876 | Orc:1    | Upgraded the game from 0.28-a0-1174-g766a6a42ef to
                  | 0.28-a0-1184-g53156a8862
 10878 | Orc:1    | Noticed an orc warlord
 10880 | Orc:1    | uh oh
 10888 | Orc:1    | Reached skill level 9 in Ice Magic
 10889 | Orc:1    | Reached skill level 8 in Spellcasting
 10919 | Orc:1    | Reached ****** piety under Kikubaaqudgha
 10995 | Orc:1    | Noticed an orc warlord
 10997 | Orc:1    | oh, it's a different one
 10997 | Orc:1    | jesus
 11011 | Orc:1    | Killed an orc warlord
 11050 | Orc:1    | Found a runed translucent gate.
 11051 | Orc:1    | Found a runed translucent gate.
 11052 | Orc:1    | Found a runed translucent gate.
 11053 | Orc:1    | Noticed Tribosh's ghost (journeyman FeAE)
 11054 | Orc:1    | Noticed Ibis19's ghost (journeyman MiBe)
 11259 | Orc:1    | Reached XP level 14. HP: 105/105 MP: 26/26
 11280 | Orc:1    | Killed an orc warlord
 11307 | Orc:1    | is branding weapon with pain really such an amazing 6*
                  | ability?
 11307 | Orc:1    | i really don't know how much damage this brand does
 11307 | Orc:1    | not like i ever play spellcasters, necromancers even more
                  | so
 11413 | Orc:2    | Entered Level 2 of the Orcish Mines
 11514 | Orc:2    | Found Ehoczu's Magic Scroll Emporium.
 11538 | Orc:2    | Found a staircase to the Elven Halls.
 11749 | Orc:2    | Found Doalel's Armour Emporium.
 11814 | Orc:2    | Reached skill level 9 in Fighting
 12170 | Orc:2    | Noticed an orc warlord
 12171 | Orc:2    | ooof
 12190 | Orc:2    | Reached skill level 13 in Necromancy
 12264 | Orc:2    | Killed an orc warlord
 12312 | Orc:2    | Found Diejuto's Antique Armour Emporium.
 12316 | Orc:2    | Found Engu's Antique Weapon Shoppe.
 12327 | Orc:2    | Bought a pair of runed gloves for 150 gold pieces
 12327 | Orc:2    | oh ffs
 12329 | Orc:2    | nice testing change you fuckers
 12331 | Orc:2    | Bought a pair of gloves for 90 gold pieces
 12345 | Orc:2    | the normal ones are literally better than this awful shit
 12396 | Orc:2    | Bought a +1 helmet of intelligence for 165 gold pieces
 12464 | Orc:2    | Bought a scroll of enchant armour for 105 gold pieces
 12464 | Orc:2    | Bought a scroll of teleportation for 42 gold pieces
 12464 | Orc:2    | Bought a scroll of teleportation for 42 gold pieces
 12464 | Orc:2    | Bought a scroll of magic mapping for 49 gold pieces
 12464 | Orc:2    | Bought a scroll of blinking for 105 gold pieces
 12471 | Orc:2    | 10 AC baby
 12536 | D:12     | Identified the +4 quarterstaff of Autumn {flame, rPois
                  | Dex+4}
 12541 | D:12     | oh
 12543 | D:12     | nvm, two handed
 12741 | D:4      | Bought a potion of magic for 88 gold pieces
 12741 | D:4      | Bought a potion of mutation for 88 gold pieces
 12741 | D:4      | Bought a potion of magic for 88 gold pieces
 12741 | D:4      | Bought a potion of attraction for 33 gold pieces
 12741 | D:4      | Bought a potion of curing for 33 gold pieces
 12815 | D:2      | Bought a scroll of fear for 45 gold pieces
 12815 | D:2      | Bought a scroll of fear for 45 gold pieces
 12815 | D:2      | Bought a scroll of identify for 26 gold pieces
 12815 | D:2      | Bought a scroll of teleportation for 39 gold pieces
 12816 | D:2      | how much of a suicide would be doing elf now
 12816 | D:2      | a lot of suicide, right?
 12861 | D:6      | Killed Prince Ribbit
 13340 | Lair:4   | Reached skill level 10 in Fighting
 13391 | Lair:4   | Found a hole to the Spider Nest.
 13467 | Lair:4   | Identified the ring of Zin's Pride {rElec rF+ Int+6 Dex-2}
 13469 | Lair:4   | oof
 13492 | Lair:4   | Identified the +6 falchion "Ibleegy" {vorpal, rN+ Will+}
 13532 | Lair:5   | Reached skill level 9 in Spellcasting
 13575 | Lair:5   | Reached skill level 6 in Dodging
 13601 | Lair:5   | Learned a level 2 spell: Wereblood
 13601 | Lair:5   | i need tmut
 13611 | Lair:5   | will+ cloak
 13611 | Lair:5   | god bless
 13661 | Lair:5   | Reached skill level 1 in Transmutations
 13690 | Lair:5   | Found a blossoming altar of Fedhas.
 13728 | Lair:5   | Reached skill level 2 in Transmutations
 13757 | Lair:6   | Entered Level 6 of the Lair of Beasts
 13760 | Lair:5   | n o p e
 13847 | Lair:6   | Reached skill level 1 in Stealth
 13854 | Lair:6   | Reached skill level 3 in Transmutations
 13865 | Lair:6   | Reached XP level 15. HP: 115/115 MP: 14/28
 13868 | Lair:6   | Learned a level 2 spell: Sublimation of Blood
 13925 | Lair:6   | Reached skill level 2 in Stealth
 13979 | Lair:6   | Reached skill level 4 in Transmutations
 14029 | Lair:6   | Reached skill level 3 in Stealth
 14034 | Lair:6   | Reached skill level 5 in Transmutations
 14100 | Lair:6   | Reached skill level 14 in Necromancy
 14112 | Lair:6   | Found a viscous altar of Jiyva.
 14112 | Lair:6   | Found a staircase to the Slime Pits.
 14194 | Lair:5   | Reached skill level 4 in Stealth
 14195 | Lair:5   | Reached skill level 6 in Transmutations
 14426 | Spider:1 | Entered Level 1 of the Spider Nest
 14427 | Spider:1 | NOT GOOD
 14427 | Spider:1 | hm
 14434 | Spider:1 | ........................
 14434 | Spider:1 | nice trap
 14434 | Spider:1 | nice open layout
 14434 | Spider:1 | i don't want to blink, i don't want to haste
 14434 | Spider:1 | but if i want to be safe, i should do at least one of these
 14451 | Lair:4   | can't go down there without invis
 14451 | Lair:4   | well, i'm out, i absolutely need invis to descend there
                  | again
 14451 | Lair:4   | i managed to save blinks and haste, but i used 2 ?fear
 14451 | Lair:4   | Upgraded the game from 0.28-a0-1184-g53156a8862 to
                  | 0.28-a0-1227-ga9037bb4c8
 14577 | Lair:3   | Found the +1 robe of Vines {NoPotionHeal Regen++++}
 14578 | Lair:3   | >>>>>>>>>
 14578 | Lair:3   | dude what is this game
 14600 | Lair:3   | Reached skill level 7 in Transmutations
 14778 | Lair:2   | Found a staircase to the Swamp.
 14803 | Lair:2   | mhhh
 14829 | Lair:2   | i can't deal with swamp well
 14829 | Lair:2   | i think
 14836 | Lair:2   | Learned a level 6 spell: Death Channel
 15079 | Lair:6   | Reached skill level 10 in Spellcasting
 15086 | Lair:6   | Reached skill level 5 in Stealth
 15093 | Lair:6   | Reached XP level 16. HP: 122/122 MP: 22/30
 15136 | Lair:6   | Identified 3 scrolls of acquirement
 15138 | Lair:6   | >3 acq scrolls
 15138 | Lair:6   | Acquired 878 gold pieces
 15140 | Lair:6   | Acquired the Incunabulum of the Destructive Mountains
 15151 | Lair:6   | Learned a level 6 spell: Statue Form
 15151 | Lair:6   | Acquired the ring of Dorouz {rElec rC+ Will+ Str+6 Int+3}
 15183 | Lair:6   | Reached skill level 8 in Transmutations
 15402 | Swamp:1  | Entered Level 1 of the Swamp
 15406 | Swamp:1  | Noticed Aizul
 15407 | Swamp:1  | srsly
 15407 | Swamp:1  | one step in
 15419 | Swamp:1  | Killed Aizul
 15472 | Swamp:2  | Noticed a fenstrider witch
 15554 | Swamp:1  | Reached skill level 9 in Transmutations
 15627 | Swamp:1  | Noticed Nikola
 15628 | Swamp:1  | uhhhhh
 15634 | Swamp:1  | Killed Nikola
 15635 | Swamp:1  | Reached skill level 9 in Earth Magic
 15682 | Swamp:1  | Noticed Kirke
 15698 | Swamp:1  | ohhhhhhhhhhhhh
 15698 | Swamp:1  | didn't know that
 15698 | Swamp:1  | you can't use sublimation in statue form
 15698 | Swamp:1  | so it won't work in lichform either
 15698 | Swamp:1  | Killed Kirke
 15699 | Swamp:1  | Reached skill level 15 in Necromancy
 15699 | Swamp:1  | Reached skill level 10 in Transmutations
 15765 | Swamp:1  | Upgraded the game from 0.28-a0-1227-ga9037bb4c8 to
                  | 0.28-a0-1555-g9ae15a6949
 15765 | Swamp:1  | still loads? cool
 15765 | Swamp:1  | Upgraded the game from 0.28-a0-1555-g9ae15a6949 to
                  | 0.28-a0-1594-ga885d4b3d6
 15765 | Swamp:1  | what the fuck was i doing though
 15765 | Swamp:1  | oh, okay, I had statue for rPois and general defences
 15765 | Swamp:1  | otherwise bvc + frozen ramparts (not here though) for
                  | direct damage
 15765 | Swamp:1  | melee with my OP flail as well
 15765 | Swamp:1  | and simulacrum (or animate dead) and death channel for
                  | support
 15765 | Swamp:1  | and i have shatter in perspective
 15765 | Swamp:1  | so i should be training earth, right?
 15765 | Swamp:1  | no identified staff of earth in the game yet
 15884 | Swamp:2  | Noticed a thorn hunter
 15912 | Swamp:2  | Killed a fenstrider witch
 15918 | Swamp:2  | HP: 23/158 [thorn hunter/volley of thorns (29)]
 15919 | Swamp:2  | ...isn't this overdoing it?
 15919 | Swamp:2  | like dude
 15919 | Swamp:2  | 34 ac
 15923 | Swamp:2  | Killed a thorn hunter
 15924 | Swamp:2  | and now i one hit it
 15924 | Swamp:2  | after i wasted consumables
 15924 | Swamp:2  | gee thanks
 15988 | Swamp:2  | Reached skill level 6 in Stealth
 16191 | Swamp:4  | Entered Level 4 of the Swamp
 16250 | Swamp:4  | Reached skill level 10 in Earth Magic
 16263 | Swamp:4  | Reached XP level 17. HP: 122/129 MP: 21/31
 16264 | Swamp:4  | Reached skill level 7 in Dodging
 16298 | Swamp:4  | Reached skill level 11 in Fighting
 16299 | Swamp:4  | Reached skill level 11 in Earth Magic
 16317 | Swamp:4  | Got a decaying rune of Zot
 16502 | Lair:2   | spider iirc was a huge shitshow
 16599 | Lair:4   | but we have to try anyway
 16601 | Lair:4   | precast and go i guess
 16605 | Lair:4   | oh shit
 16611 | Lair:4   | Reached skill level 12 in Earth Magic
 16622 | Lair:4   | well that hurt a decent amount
 16626 | Lair:4   | but i got rid of the welcome party
 16659 | Lair:4   | Reached skill level 6 in Maces & Flails
 16666 | Lair:4   | just stairdance for a bit i suppose
 16857 | Spider:1 | wait is this even worth digging
 16857 | Spider:1 | 3 heaps of gold and !attraction
 16911 | Spider:1 | Reached skill level 13 in Earth Magic
 16961 | Spider:1 | Reached skill level 7 in Maces & Flails
 17005 | Spider:1 | Noticed Donald
 17012 | Spider:1 | Killed Donald
 17014 | Spider:1 | lol donald
 17014 | Spider:1 | didn't even move an inch
 17015 | Spider:1 | Reached XP level 18. HP: 138/138 MP: 17/32
 17022 | Spider:1 | Upgraded the game from 0.28-a0-1594-ga885d4b3d6 to
                  | 0.29-a0-2-g12fcac58f8
 17031 | Spider:1 | oh
 17031 | Spider:1 | all three stairs in the same spot
 17031 | Spider:1 | how cute
 17187 | Spider:3 | Reached skill level 14 in Earth Magic
 17198 | Spider:3 | Reached skill level 8 in Maces & Flails
 17466 | Spider:4 | Entered Level 4 of the Spider Nest
 17522 | Spider:4 | Reached skill level 15 in Earth Magic
 17527 | Spider:4 | Reached skill level 9 in Maces & Flails
 17590 | Spider:4 | Got a gossamer rune of Zot
 17721 | Lair:4   | and now an important question
 17721 | Lair:4   | do i have anything to do slime with
 17721 | Lair:4   | i don't, right?
 17721 | Lair:4   | bvc doesn't work on slimes, right?
 17723 | Lair:4   | Upgraded the game from 0.29-a0-2-g12fcac58f8 to
                  | 0.29-a0-197-ge3fb4bd5a4
 17723 | Lair:4   | Upgraded the game from 0.29-a0-197-ge3fb4bd5a4 to
                  | 0.29-a0-214-g17f627cfee
 17723 | Lair:4   | Upgraded the game from 0.29-a0-214-g17f627cfee to
                  | 0.29-a0-243-g602b31c20e
 17932 | Elf:1    | Entered Level 1 of the Elven Halls
 17937 | Elf:1    | Paralysed by an air elemental for 1 turns
 17942 | Elf:1    | Paralysed by an air elemental for 1 turns
 18003 | Elf:1    | Got the Handbook of the Voyage
 18013 | Elf:1    | Reached XP level 19. HP: 144/144 MP: 33/33
 18016 | Elf:1    | Reached skill level 16 in Earth Magic
 18101 | Elf:2    | Reached skill level 1 in Translocations
 18126 | Elf:2    | Found Rejisav's General Store.
 18156 | Elf:2    | Reached skill level 2 in Translocations
 18219 | Elf:2    | Identified the +3 ring mail of Ibroggef {Contam Harm +Blink
                  | rF++}
 18220 | Elf:2    | contam harm huh
 18220 | Elf:2    | how about no
 18247 | Elf:2    | Reached skill level 8 in Dodging
 18269 | Elf:2    | spectral crossbow?!
 18269 | Elf:2    | what
 18274 | Elf:2    | Reached skill level 12 in Fighting
 18274 | Elf:2    | Reached skill level 3 in Translocations
 18275 | Elf:2    | Found a runed translucent gate.
 18275 | Elf:2    | Found a runed translucent gate.
 18275 | Elf:2    | Found a runed translucent gate.
 18331 | Elf:3    | Entered Level 3 of the Elven Halls
 18344 | Elf:3    | Paralysed by an air elemental for 1 turns
 18564 | Elf:3    | Reached skill level 4 in Translocations
 18724 | Elf:3    | Reached skill level 9 in Dodging
 18726 | Elf:3    | Noticed a deep elf blademaster
 18737 | Elf:3    | Killed a deep elf blademaster
 18747 | Elf:3    | Noticed a Hell Sentinel
 18763 | Elf:3    | HP: 26/174 [Hell Sentinel/damnation[a deep elf
                  | demonologist] (33)]
 18765 | Elf:2    | close
 18837 | Elf:3    | Reached skill level 17 in Earth Magic
 18981 | Elf:3    | Reached XP level 20. HP: 153/153 MP: 23/34
 18986 | Elf:3    | Reached skill level 10 in Dodging
 19047 | Elf:3    | Identified the ring "Adys" {Fly Will+ Str+4}
 19055 | Elf:3    | Identified the +6 war axe of Flawed Execution {vorpal,
                  | rPois Int+2}
 19081 | Elf:3    | Identified the +4 scale mail of Diqibat {Fly}
 19083 | Elf:3    | Got the Volume of the Feathery Voyage
 19095 | Elf:3    | Identified the +11 hand crossbow of Cail {venom, rPois rC+
                  | Str+2}
 19099 | Elf:3    | +11 eh
 19110 | Elf:3    | Found the ring of the Tortoise {AC+8}
 19118 | Elf:3    | huh
 19132 | Elf:3    | Got the Papyrus of the Snowflakes
 19156 | Elf:3    | Identified the +5 morningstar "Nujaus" {drain, Dex+3}
 19195 | Elf:3    | Noticed an Ice Fiend
 19199 | Elf:3    | Reached skill level 18 in Earth Magic
 19410 | D:13     | Acquired the +0 pair of gloves of Unuce {Drain +Blink rF+
                  | Will+}
 19458 | D:13     | Got the Almanac of Venomous Cold
 19667 | D:13     | Found Wenotuaw's Antique Armour Boutique.
 19746 | D:14     | Found a shimmering blue altar of Sif Muna.
 19756 | D:14     | do i want to dig for apportation? lol
 19756 | D:14     | 4 charges only
 19760 | D:14     | Got Sif Muna's Guide on the Traveller
 19763 | D:14     | Learned a level 1 spell: Apportation
 19764 | D:14     | Got Sif Muna's Almanac of Moulding
 19767 | D:14     | Got Sif Muna's Disquisition on Shape Shifting and Poisoning
 19797 | D:14     | Found a portal to a secret trove of treasure.
 19803 | D:14     | trove needs horn of geryon, very nice
 19827 | D:15     | Entered Level 15 of the Dungeon
 19885 | D:14     | Found Laeci Bick's Armour Shop.
 20106 | D:15     | Found a staircase to the Depths.
 20580 | D:13     | Found Buvvuv's General Store.
 20583 | D:13     | Found Isiatz's Magic Scroll Boutique.
 20590 | D:13     | Bought a scroll of fear for 56 gold pieces
 20590 | D:13     | Bought a scroll of teleportation for 48 gold pieces
 20590 | D:13     | Bought a wand of digging (8) for 384 gold pieces
 20590 | D:13     | Bought a scroll of teleportation for 48 gold pieces
 20590 | D:13     | Noticed Snorg
 20601 | D:13     | Killed Snorg
 20610 | D:13     | Bought a scroll of amnesia for 38 gold pieces
 20610 | D:13     | Bought a scroll of teleportation for 33 gold pieces
 20610 | D:13     | Bought a scroll of magic mapping for 38 gold pieces
 20610 | D:13     | Bought a scroll of teleportation for 33 gold pieces
 20610 | D:13     | Bought a scroll of holy word for 82 gold pieces
 20630 | D:13     | Found Niytudut's Jewellery Emporium.
 20753 | D:13     | Found a gate to the Vaults.
 20778 | Vaults:1 | Entered Level 1 of the Vaults
 20785 | Vaults:1 | Received a gift from Kikubaaqudgha
 20816 | Vaults:1 | Learned a level 8 spell: Infestation
 20959 | Vaults:1 | Reached skill level 11 in Spellcasting
 21001 | Vaults:1 | Reached XP level 21. HP: 160/160 MP: 36/36
 21197 | Vaults:2 | Reached skill level 16 in Necromancy
 21612 | Vaults:4 | Reached skill level 17 in Necromancy
 21643 | Vaults:3 | Reached skill level 12 in Spellcasting
 21806 | Vaults:5 | Entered Level 5 of the Vaults
 21863 | Vaults:5 | why is there a tormentor here
 21894 | Vaults:5 | Reached skill level 18 in Necromancy
 21895 | Vaults:5 | Reached XP level 22. HP: 167/167 MP: 25/38
 21926 | Vaults:5 | Found Umineggi's Antique Armour Shop.
 21941 | Vaults:5 | Identified the ring of Hiafux Hari {Fire Drain Dex+3 SInv}
 21967 | Vaults:5 | Identified the +5 leather armour of Dramatic Exits {Dex+4}
 22013 | Vaults:5 | Identified the ring "Liuny" {Contam rN+ Str+4 SInv}
 22015 | Vaults:5 | Noticed a dread lich
 22020 | Vaults:5 | Identified the +1 glaive of the Stoat {pain, rPois rF+ rC+
                  | rN+}
 22029 | Vaults:5 | Killed a dread lich
 22030 | Vaults:5 | Reached skill level 13 in Spellcasting
 22045 | Vaults:5 | Acquired 565 gold pieces
 22047 | Vaults:5 | well i could get the +10 exec axe i guess
 22047 | Vaults:5 | XD
 22062 | Vaults:5 | Identified the amulet of Byben {RegenMP rN++}
 22084 | Vaults:5 | Noticed Margery
 22088 | Vaults:5 | Killed Margery
 22113 | Vaults:5 | Reached skill level 10 in Maces & Flails
 22130 | Vaults:5 | Reached skill level 19 in Necromancy
 22131 | Vaults:5 | Got a silver rune of Zot
 22147 | Vaults:5 | Identified the +7 hand axe "Viryrawe" {holy, Dex+2}
 22147 | Vaults:5 | Identified the ring of Lugonu's Regard {Str+6 Int+9 SInv}
 22171 | Vaults:5 | Noticed a golden dragon
 22177 | Vaults:5 | Killed a golden dragon
 22178 | Vaults:5 | Reached skill level 13 in Fighting
 22185 | Vaults:5 | Reached skill level 11 in Transmutations
 22232 | Vaults:5 | >earth magic
 22232 | Vaults:5 | SHATTER LET'S GO
 22232 | Vaults:5 | (later)
 22693 | Slime:1  | Entered Level 1 of the Pits of Slime
 22708 | Slime:1  | Gained mutation: Your spells are a little easier to cast,
                  | but a little less powerful. [a shining eye]
 22723 | Lair:6   | Learned a level 7 spell: Haunt
 22736 | Slime:1  | Gained mutation: You tend to lose your temper in combat. [a
                  | shining eye]
 22784 | Slime:2  | XD
 22795 | Slime:2  | Reached skill level 1 in Summonings
 22845 | Slime:3  | Reached skill level 12 in Transmutations
 22873 | Slime:3  | Reached XP level 23. HP: 175/175 MP: 40/40
 22895 | Slime:4  | Reached skill level 2 in Summonings
 22917 | Slime:4  | Reached skill level 11 in Maces & Flails
 22925 | Slime:5  | Entered Level 5 of the Pits of Slime
 22941 | Slime:5  | Reached skill level 3 in Summonings
 22953 | Slime:5  | hmmm
 22964 | Slime:5  | Found a viscous altar of Jiyva.
 22965 | Slime:5  | Noticed the Royal Jelly
 22987 | Slime:5  | HP: 35/227 [azure jelly[the Royal Jelly] (22)]
 22988 | Slime:5  | ohh
 22992 | Slime:4  | HP: 35/227 [disintegration (10)]
 22998 | Slime:4  | HP: 40/227 [disintegration (7)]
 23322 | Slime:5  | Reached skill level 13 in Transmutations
 23326 | Slime:5  | Reached skill level 4 in Summonings
 23435 | Slime:5  | Killed the Royal Jelly
 23451 | Slime:5  | Identified the +10 plate armour of Notear Het {rF+ Int+2}
 23461 | Slime:5  | Got a slimy rune of Zot
 23502 | Slime:5  | Identified the -6 cloak of Moral Flaws {Will++ Stlth-}
 23503 | Slime:5  | Identified the +5 mace of Lakkorgh {freeze, *Corrode rN+
                  | Will+ Int+2}
 23506 | Slime:5  | -6 cloak
 23506 | Slime:5  | neat
 23896 | Depths:1 | Entered Level 1 of the Depths
 23897 | Depths:1 | Upgraded the game from 0.29-a0-243-g602b31c20e to
                  | 0.29-a0-266-gf56f883ddd
 23971 | Depths:1 | Found a gateway to Hell.
 23981 | Hell     | Entered the Vestibule of Hell
 23981 | Hell     | Noticed Geryon
 23982 | Hell     | wait, what?
 23982 | Hell     | you get teleported on entering hell?
 23982 | Hell     | really
 23982 | Hell     | Found a gateway to the ashen valley of Gehenna.
 23993 | Hell     | HP: 20/226 [hellion/damnation (37)]
 23993 | Hell     | Killed from afar by a hellion

Illustrated notes # ## ##.##_# . ..#≈≈≈## # .# #≈≈≈≈≈# .#.# #≈≈w≈≈##... #≈≈≈≈≈... #.≈≈≈..##># #...@....# #.......## ...........# ..###......# # #......# #....... .......## !#h.....# Turn 651 on D:3: wut #.###.# #.##.#### # # #.##.###.# (# ? #.#.##.##.##.###.##.##. .# #.#.#.#.#.#.#.#.#.#.#.#.#.##### #....#..#..#..#..#..#..#......# #.#...#..†#...#...#...#...#...# #...#....#....#....#....#...... #....#.....#..@c.#.....#....... #......#......#......#......... #.#.......#.......#.......#...# #..........................Z..# #....#########..####.#.).###.## ###### #........)..Z.<.# ##.####.######### .# #.# .. ..# Turn 2302 on D:5: ......................... #### # #.. ..# #.# ###.## ##########.###.... #..@...........#.# #)########.##..#.### #.# #.##....... #.# #.........# #.# #####...>.. #.# ####... ..# ##.# ... #.. .... ### Turn 2495 on D:5: did they made centaurs stronger in melee or something ## ##...#...#..#.########### #. ............#.# .. #...##.#.....#### .####....)...#.....# ..# ###).#....###.## #.# #............# ##.#####.##.######..# #.#.........#.######..####### #.#..#####..@.....[...[.[[÷÷. #.#.........#....###..####### #....#####..####># #..# # ##...# ##..# #.# #..# # #...##.##............# # #.....#.##.####.####.# # #...##.# #... ... ..# #...##.###.# #.# ###### #..........####.###.....# Turn 4094 on D:7: nope #.......### #.........# ##>........# #..........# #...........# )............# ...............#### .............#+#....# .............+@'....# .....##.....[#+#....# ...?# ...##### .....# ##...# #.## .# ## Turn 4454 on D:8: relec rF+ rc+ rcorr dex+6... and int-5 :( #......# .≈≈≈≈ ##......## .≈≈ ###........# ..≈ ##....>.[.... #.. #............ ##.# #...........( ###..####..........^. ##.................... #....@..............#. #....#######........>#. #### ##.......... #.......... #.......... #...#####.. #...# ##. #...# #.. #...# #... Turn 4588 on D:8: jesus i really need that int amulet XD .###.#.##.##.# ..#....[)....#####.# ..........##>....... ..##.#.#####.#####.. #. #.##.#.# #.# .. ...#.#.# #.# .# #.#..#.#####.#### ..# ................##...# #.#.######...[..@....# ...## #.#####.##### #.# ...... #.# .o...... #.#.........# . #.#...oY....#. . #............. #.#.....Y...## #.# $..Y....# Turn 6798 on D:10: hmmmmmmmmmmmm .## ##..## ###........ #.###.#.# #.....##### #....##.# #.##...... #.#.###.# #.##.##### #....##.# #.##.# #..#..#.######<##.# #.###..#....##.##.# #.....###.#.##.##.# ....Z..#....[)..@.#####.# #..............##>.....O. #......##.#.#####o#####.. #. #....#.##.#.# #Q# .. #.###...#.#.# #.# .# #.# .#.#..#.#####o#### ..# #................YY..##...# #### #.#.######...[.Q.....# ...## #.#####.##### Turn 6810 on D:10: uhhhhhhhhhhhhhh ........# #.......# ........######......# .............#......# .............#......# .............######'## .....................# .....................# .....................# ................@....# .....................# .............######### ........###.## .#####..# #.## .# #.#### #..# ##...###.###.# ##..§§#§.(#..# #...§§§§..#..# Turn 6816 on D:9: this is going to be a problem

+.#.......##......<..............
#....._..........................
#.#.......#......................
####.....######'#.......#######'#
#.##...###.....'.......#........
#..##.##.#.....#.......#........
#........#.....#.......#....
##........#######.......#...#
.........Y.Y.Y.(@.......#...#####
........................#........
......>.................#........
..Y.....................'........
........................#...###'#
........................#...#....
Y#.........######.......#...#....
#.>............'.......#...'....
........#......#.......#####....


Turn 6918 on D:9: H E L P ...............##.....#. ######.......##.#.......#.
#...'.....#......##...# #. #...#.....#......##...#### #...#.....#...............
#...#.....#............... #...#.....#............... #...#.....#......#######..
#...#....@# .. ...##.. #...#.....# . ........ #...#.....# ........ #...#.....#
........ #...#.....# ........ #...#.....# ######## #...#.....# #.......
#...#.....# #####....... #...#<....# ............ Turn 7019 on D:9: you dumb
sheep how did you lose me ...............##.....#. ######.......##.#.......#.
#...'.....#......##...# #. #...#.....#......##...#### #...#.....#...............
#...#.....#............... #...#.....#............... #...#.....#......#######..
#...#....@# .. ...##.. #...#.....# . ........ #...#.....# ........ #...#.....#
........ #...#.....# ........ #...#.....# ######## #...#.....# #.......
#...#.....# #####....... #...#<....# ............ Turn 7028 on D:9: it's stuck
behind the wall isn't it ................#.... ................##...
...............##... ######.......##.#..... #...'.....#......##...
#...#.....#......##... #...#.....#........... #...#.....#...........
#...#@....#........... #...#.....#......##### #...#.....# .. ... #...#.....# .
.... #...#.....# .... #...#.....# .... #...#.....# .... #...#.....# ####
#...#.....# #... Turn 7058 on D:9: sdfsfsdfsdf #...#.....# .. ... #...#.....# .
.... #...#.....# .... #...#.....# .... #...#.....# .... #...#.....# ####
#...#.....# #... #...#.....# #####... #...#@....# ........ #...#.....# ########'
#...#.....# #...≈...# #...#.....# #._.≈._.# #...#.....# #...≈...# #...'.....#
+######## #####.....# # ####### Turn 7133 on D:9: speedrun here btw #..# ####
#.#.#### #..# ...## #..# .# #..# .# #..# ##.## #..# ########...# #..#
#........#.# #..######.######...# #...<..@.[..# ##### ##.######.#.#
#.######.#.####### #.........).)...)# ####.###...>)###.# # #.# ###....##.### #
#.# #.###.....#### #.# #[# #.###..... #.## #.###.# #..... Turn 7802 on D:10:
please #.....#..............♣.P# #...≈ #.....#.......P...P...P## .....
#.#....♣.♣.P.....P.P....♣# #....≈ ........♣......P...P..P..# .....
....S...........P........♣#(.... ..............#####.........#
.........P...P#..[#†.......## ##.........#.(['P..P....# ..........#.@.#).......#
........P.#####......P.## ...P...................P# ........P.........PP...##
##........P...P.P......# #.....................# #.....♣..)..P.....♣.##.#
......#♣♣.......♣♣#.# .# ...... ...♣.......... .# Turn 8441 on Lair:1: 153 gold
left #..##..... .....# #....#.... #....# #....P.... ##....### #......†.. .
#P......# #.####.... ..#.......## ## ##.).. #..........# #..... #........####
#...#†#. #...@......###.....#. ##..........##.....#. ###........#.#....♣.
##...............♣ #................ ####............. #.............
##...#...##.... #.....#..#..... Turn 8547 on Lair:1: 80 ..# .. .. .## # ##. ..#.
#... #..# ... . #..## .. .. #@.## ##.# ... #...### . ##...## #..###....##..
.#P....### #............ # .........# ####...#..... # ....[....## #.........
..........#######.##...## ..........##.#†#†......# ....##.##.#...†........# # #
Turn 8696 on Lair:1: 55 # ### ###.# #.##....# ## # #........ ####+#P#. #.......?
........# ####.....S♣ ........###.##@.# ........'.......#
.......@............... #..#......######P.#.#.....P###..
............#.########.##### ..........#..# ### ........).#..## ...#.....###..##
.####....# #...### . ## ..######..###....##.. ##. ...### ##............ ###≈≈
Turn 8754 on Lair:1: ow ######### ##### #......P# #...# ####......# ##...###
#.........### ####......#####...#.....#.###.# #.............@>>..............
##..#......######P.#.#.....P###. #.............#.########.##### ............#..#
### ..........).#..## .....#.....###..## ##.####....# #...### .
#...######..###....##.. # P....### ##............ ### Turn 8756 on Lair:1: but i
got it #...# #.......### #..# #.........# #..# ##>........# ##..####..........#
#....##...........# ##....[............# #..................####
#..............#+#....# ...............'@'....# .......##.....[#+#....#
......##...##### .....# #####....### ##...# # ##...# #.## # #...# .# ##.## ##
### Turn 9670 on D:8: gotcha ................ ..........#..... ................
.............$.. ..#............. ........<.....$. ................
.......>........ .......@........ .......>........ .#.....o....#...
#............... .#o.h.....o..... ..oo..oo...##.. ....$.o..... .. oo...oo......
Turn 10880 on Orc:1: uh oh #..)........#..# ##..)..........# #)............#
#))...........# ##)............# . #)...#.........## .. ...............)## ...
#..............÷.######.... ###.............@Z.........
##...##.................... .#...##....................
).#.##..................... .....##....................
....###.................... ....# #..#................ ...## ...........o.....o
..... .................. Turn 10997 on Orc:1: oh, it's a different one .#...#.
##..............) ....... #####............) .......####.##...##.........
.............#...##......... ............).#.##.......... ..##
.$...............##......... .......$.............###.........
.....................####..#..... ....#...........@.).##.#.........
...........>.....).)))........... .................#.))†.#.........
..#.............#)##.###......... ..o............)...####...##.....
o.o..$.............# ##...##.... .ho.................# ##.##.....
h.oo..$..............# #####.... o.............#.....## #..... Turn 11307 on
Orc:1: is branding weapon with pain really such an amazing 6* ability?
............... ...###.))...... ############# .# ##))#..... ............##
###)#.#### .##########..# ####.....##.. ##)## ##.#......#... #..###...#.#...#..)
####))##....##...###) #+##8.#@..#.........#... ..o...).8......#..#.#)8.
oo....'...........#.#)). .o..).'.8..##.##.##.#'## ## #o##8.#))...#..##....... .#
. ####................. .## #.(...........#.... ..### ##..................
#...##########......#.......#.... Turn 12171 on Orc:2: ooof # . . ##############
. ###.))..).))...## ###..)##########..# ##...###...#...###)## #...####...#...#
#..## ##..#@##...#...####))# #.##.8##'###'##8.#)). #.#..........).).).8.
#.#_......8.))...'... #.#........).))).'.8. #.##.8##'###'##8.#)).
#..#∩##...#...####... #..####...#...# #.... ##..###...#...###.... Turn 12327 on
Orc:2: oh ffs .. ############## .# ###.))..).))...## ###..)##########..#
##...###...#...###)## # #...####...#...# #..### ##..#∩##...#...####))##
#.##.8##'###'##8.#)).# #.#..@.......).).).8.. #.#_......8.))...'....
#.#........).))).'.8.. #.##.8##'###'##8.#)).. #..#∩##...#...####....
#..####...#...# #..... ##..###...#...###..... ### ##...##########......
##.#####.........[[........ Turn 12329 on Orc:2: nice testing change you fuckers
... ############## .# ###.))..).))...## ###..)##########..# #
##...###...#...###)## ## #...####...#...# #..###. ##..#∩##...#...####))##.
#.##.8##'###'##8.#)).#. #.#..[@......).).).8... #.#_......8.))...'.....
#.#........).))).'.8..# #.##.8##'###'##8.#))... #..#∩##...#...####.....
#..####...#...# #...... ##..###...#...###...... ### ##...##########......#
##.#####.........[[......... Turn 12345 on Orc:2: the normal ones are literally
better than this awful shit #..........####....<...........
..............................# ...###.[)...................... .#
##[[#....................# # ###)#.#########..........# #
####.....##.._..##..........# ## ##.#......#....[..#...........
.###...#.#...#..[[[..#........... ))##....##...###@#...#..........#
)).#.........#...#...#........... .8......#..#.#[8.#8.8#.#.........
...........#.#[[.#.∩.#..........# .8..##.##.##.#'#######)[.......##
))...#..##.........)..[........# ..............................##
............#................## ..........................#.## Turn 12471 on
Orc:2: 10 AC baby #.... #..)## ##)..# ### #...# ####[###[#.## #.# #...#
##[.[##.# ###.##########...# #.>.##.# ....([......##...# ##.)[##.#
.##########.##...######'###)#.## .#...# #<.##.....#...## ##)).# .....#
#..##...#))[8.# #.8.# .#.##### #..##..@###.)[# #...# .#.#...# #..##...#######
##### ...#.#.###..##...##.# ####.#...#.......'..# .....###.#.###...####
..............>...# #.######.#.#......# #.# ####.#.#.###### #.# #....#.>.. Turn
12541 on D:12: oh #.... #..)## ##)..# ### #...# ####[###[#.## #.# #...#
##[.[##.# ###.##########...# #.>.##.# ....([......##...# ##.)[##.#
.##########.##...######'###)#.## .#...# #<.##.....#...## ##)).# .....#
#..##...#))[8.# #.8.# .#.##### #..##..@###.)[# #...# .#.#...# #..##...#######
##### ...#.#.###..##...##.# ####.#...#.......'..# .....###.#.###...####
..............>...# #.######.#.#......# #.# ####.#.#.###### #.# #....#.>.. Turn
12543 on D:12: nvm, two handed ##### #...# #'#.######### #.#.....(...#
#.###.......# #># #.......# ####.# ####.#.## ##....####...#.# #...#@#.##.# #.#
..####...#.#..#.# #.# #### .........#.#....###.####...
#.####...#'#.............## #.# #.......##.##..^......
#.####.......##.##.......## #.........................# #####
#............##.#.......... ....# #............#..#.......... Turn 12816 on D:2:
how much of a suicide would be doing elf now .......#....# . ............#
.......##÷..##...............# .......#†...##...............#
........†...#......####......# ........#...#!.....##...##...#
......#.#................#...# #.....###...##...............# #.....#
#.####....##.....##..# ......# ... #..@.........#..# #.....## ..
+....#P.....#...# #......# .. #....##.........# #.....P# #....##......#..#
#.....## #....##....##...# ......# #......#....#...# ......... ................#
.......... .................. .......... ...... ...)# Turn 13469 on Lair:4: oof
#.....P.............## .. #....................[ #......................
##.#.#.P#.............. ####.####............ ### #............# ##.P..........
#.......#...< ##...@....... #........... #........... #........... #.......P....
..P.>.....P... .............P. ............... Turn 13601 on Lair:5: i need tmut
#............. ##............. #####.......P...... .##....P.>.....P.....
.................P... ..................... ?....................
.................#... .......@..........#. ....?.?......$...##
.................. ..........#.)....# ......#.........# ....P############ .....
....# Turn 13611 on Lair:5: will+ cloak ............................
...........................P ............................
............................ ............................
............................ #..................#.......#
##.................#.......# †.††.†..........@...........
.....†....#..........).....# ..........P................#
............................ ...........................
......................... ......................... ........................
.....##...P.. Turn 13760 on Lair:5: n o p e #........)..... #......s.. ....
#.......^..^... #........#....# #.......?...... #.s..s......... #..s...........
#......@....... #.s............ #.............. #s............. #........s#....
#....(......... #....#......... #.............. Turn 14427 on Spider:1: NOT GOOD
#.....§.s#....#. #.......?............ #.......s....§.......
#.....§§§..Z.s....... #.....§§§.§.......... #.....†.§.§...s......
#..............s... . #...............#.... #........Z#..@.......
#...s(..s.Z.......... #....#............#.. #................^.s.
#..................s. .....#....#.... ^.............. .#...#......^#. Turn 14434
on Spider:1: ........................ ####.#..# .P....... .........# P ... #....
#P.. ##...###..####### ## P...##.#.#.##......#.##.. ?....#...................
.......@................ .#..#....##..........### ......#...##..#......##.
....#....###.##.......'. ....##)..##..........##. F.. ..............P#÷........
... F........#............##. (.. .........###..........#P. F..
#..#......P....#......... Turn 14451 on Lair:4: can't go down there without
invis #.......# # .^.....#.# #.......# ###.......#. ####P#.........
#......>....# #.#..P†....## #.#..P.###D.. ##...@P....(. ##......P$≈≈ #P....P♣P≈≈
#P...P#P# .. #P...##.# #...## # #.### .. Turn 14578 on Lair:3: >>>>>>>>>
♣♣♣♣..†≈≈≈≈≈≈♣♣#..###.# ♣♣≈≈≈≈≈≈≈≈♣ ##..# ## ♣♣≈≈≈≈≈≈≈♣ #P.# ♣...≈≈≈≈♣♣♣###.#
♣♣...♣♣♣♣P..#..#### ♣♣♣♣♣..§§§♣♣.......P# ♣>≈≈♣♣♣♣§§♣♣♣......##
♣≈≈≈♣♣♣§§♣♣........# ♣♣.@†♣♣♣§.♣♣........ ♣§§§§≈≈≈..♣.......P#
♣§§§§≈≈≈≈≈♣........# ♣♣§§§§≈§§♣♣♣.P#.#### ♣§§§♣♣.§.♣ ###### ♣§§§...§♣♣ ♣♣♣.§.♣♣♣
♣♣♣♣♣ Turn 14803 on Lair:2: mhhh #........# .......### #........# ..#....##
#####'##.# . .## #..# # .##.# #P.# ##...##### ##.## #...P.##.# ##..# ##
#........#### #####.†###.###........#..# #....<...@###P............
#.....................##.. #.........P.##........#### #.........♣###.........#
##.P♣♣..♣♣♣♣♣♣♣.......## ♣♣♣♣..†≈≈≈≈≈≈♣♣#..###.# ♣♣≈≈≈≈≈≈≈≈♣ ##..# ## ♣♣≈≈≈≈≈≈≈♣
#P.# ♣...≈≈≈≈♣♣♣###.# Turn 14829 on Lair:2: i can't deal with swamp well .....
..... ##### #####...##### ##.#.......#.## ##.#.....†.†...## #.....#####†....#
#.....#.........# #...#†#.@.#.....# ######...#.......### #....†..###.###...#
#...#.....### ...# #..........# ..... #####....### ...### .....# ... ....###
P.#### Turn 15138 on Lair:6: >3 acq scrolls ≈..... ≈.≈...♣ .≈≈.≈.. .≈≈.≈≈≈ S.≈≈.
...♣♣ ♣..♣ ♣@♣♣ ♣♣<♣ ♣♣♣ Turn 15407 on Swamp:1: srsly .≈. ♣≈§≈.♣ ≈≈ ♣.♣ ♣....♣♣
..≈.≈ ♣.♣ ♣♣.≈≈≈♣ ♣..§. ..♣ ♣≈≈≈♣♣ ♣.≈≈.♣♣♣♣@♣ ♣..♣♣ ♣...≈§≈...♣♣ ♣>.♣
♣♣.♣.≈≈≈.≈≈♣ ♣♣..♣ ♣≈≈≈..≈...♣ ♣.≈.♣ ♣.≈≈≈.♣8.♣♣ ♣.♣≈♣ ♣.≈.§..≈..♣ ♣≈≈≈♣
♣.≈.♣≈♣....♣ ♣.≈.♣ ♣ ≈...≈.≈≈.♣♣ ♣≈≈≈♣ [....♣.≈≈..♣♣ ♣≈..♣
≈.......≈≈.♣.♣♣♣..♣♣♣♣♣♣. ≈≈≈≈..♣≈≈≈...♣♣.≈.♣♣.§≈≈. ≈ ≈.≈.≈≈..≈...♣≈≈≈...≈≈..
≈..≈≈≈≈≈≈≈≈♣♣..≈≈♣≈≈≈≈.♣ Turn 15628 on Swamp:1: uhhhhh .###.#### .....#.. #..♣
#..÷.#.. #..♣ #....#.. #..♣ ..÷.##?####..♣ ♣...!#...#..♣ ##.##....#..♣
..♣....#..÷#..♣ ♣♣ ♣≈........h8'..♣♣ ♣♣. ......♣.@#####..≈♣ ♣♣♣†.
.≈....♣♣........♣♣ ♣♣≈♣♣. .♣...≈........≈.♣ ♣.≈.♣. ♣≈≈..≈..h♣♣♣..≈.♣♣♣♣ ♣.♣.†
≈≈≈≈ ♣.≈..♣♣≈≈≈≈♣♣≈♣♣ ♣..≈. ≈≈≈≈♣♣....♣≈..[.♣.≈.♣ ♣≈§≈. ≈.≈h.≈≈†.≈≈≈≈♣.♣ ♣....
♣♣..♣..≈.≈≈♣≈♣.♣ ♣♣.≈≈ Turn 15698 on Swamp:1: ohhhhhhhhhhhhh .≈≈.^...≈...≈≈.≈...
♣.≈§§.≈..≈.≈≈≈...≈.≈.... ♣..≈.≈....≈≈..≈.≈..≈...≈ ♣....!....≈.≈.....≈≈..≈.
...≈≈≈..≈.≈.≈.≈......(.. .≈≈..≈...≈.§≈..≈........ ..≈≈≈.....≈.≈....###.###
≈(.≈..≈...≈...........#. .≈....≈@.....≈...#..÷.#. ≈....≈....≈.≈....#....#.
≈.....≈...≈...≈.....÷.## ..♣.≈...≈..≈≈≈....♣♣...! ..≈≈.≈.......≈.≈.≈♣##.##
≈≈≈≈≈.≈.≈.p....≈...♣.... .≈≈.≈≈...[.≈≈≈.♣♣≈...... ..≈≈≈......≈.^.......♣..
..♣....≈≈.≈(≈..≈....♣♣† Turn 15765 on Swamp:1: still loads? cool
.≈≈.^...≈...≈≈.≈... ♣.≈§§.≈..≈.≈≈≈...≈.≈.... ♣..≈.≈....≈≈..≈.≈..≈...≈
♣....!....≈.≈.....≈≈..≈. ...≈≈≈..≈.≈.≈.≈......(.. .≈≈..≈...≈.§≈..≈........
..≈≈≈.....≈.≈....###.### ≈(.≈..≈...≈...........#. .≈....≈@.....≈...#..÷.#.
≈....≈....≈.≈....#....#. ≈.....≈...≈...≈.....÷.## ..♣.≈...≈..≈≈≈....♣♣...!
..≈≈.≈.......≈.≈.≈♣##.## ≈≈≈≈≈.≈.≈.p....≈...♣.... .≈≈.≈≈...[.≈≈≈.♣♣≈......
..≈≈≈......≈.^.......♣.. ..♣....≈≈.≈(≈..≈....♣♣† Turn 15765 on Swamp:1: what the
fuck was i doing though ♣♣.♣ ≈≈≈ ♣.♣♣ ≈♣≈.≈≈. ♣♣♣P.♣♣♣♣.♣≈≈≈≈. ♣.....♣♣...≈..≈
♣♣...♣♣♣.≈≈≈H♣ ♣♣♣<♣♣♣.≈≈..♣ ♣≈≈♣♣≈≈≈^♣ ♣≈≈8♣.≈≈>♣ ♣ . ♣♣≈f♣....♣.♣ .
♣≈≈†♣♣.≈...♣ . ♣♣..♣f≈≈..>♣ . ♣.♣♣.≈♣≈♣.♣ ♣≈≈≈..≈≈..> ♣♣>♣♣.≈§≈≈≈ ♣.♣♣ ♣≈ ≈ ♣(
Turn 15919 on Swamp:2: ...isn't this overdoing it? ♣♣.♣ ≈≈≈ ♣.♣♣ ≈♣≈.≈≈.
♣♣♣P.♣♣♣♣.♣≈≈≈≈. ♣.....♣♣...≈..≈ ♣♣...♣♣♣.≈≈≈H♣ ♣♣♣<♣♣♣.≈≈..♣ ♣§≈♣♣≈≈≈^♣
♣≈≈8♣.≈≈>♣ ♣ . ♣♣§[♣....♣.♣ . ♣≈y†♣♣.≈...♣ . ♣♣..♣f≈≈..>♣ . ♣.♣♣.≈♣≈♣.♣
♣≈≈≈..≈≈..> ♣♣>♣♣.≈§≈≈≈ ♣.♣♣ ♣≈ ≈ ♣( Turn 15924 on Swamp:2: and now i one hit it
#.........♣###....... ##.P♣♣..♣♣♣♣♣♣♣...... ♣♣♣♣..÷≈≈≈≈≈≈♣♣#..## ♣♣≈≈≈≈≈≈≈≈♣
##..# ♣♣≈≈≈≈≈≈≈♣ #P.# ♣...≈≈≈≈♣♣♣###.# ♣♣...♣♣♣♣P..#..# ♣♣♣♣♣..§§§♣♣......
♣@≈≈♣♣♣♣.§♣♣♣..... ♣♣≈≈≈♣♣♣.§♣♣...... ♣♣...♣♣♣..♣♣..... ♣§..≈≈≈≈§.♣......
♣§§§≈≈≈≈≈≈♣...... ♣♣§§≈≈≈≈≈♣♣♣.P#.# ♣...♣♣§§.♣ ###### ♣§....§§♣♣ ♣♣♣...♣♣♣ Turn
16502 on Lair:2: spider iirc was a huge shitshow ##.##### #######.#..#.#
##.##.P.......# ##.............## ## #P...#....##....# #. ##
##P..###...###..########## ..###..#P...##.#.#.##......#.##..
.............#................... ...###.##.......@................
....#####.#..#....##..........### ...P...........#...##..#......##.
.............#....###.##.......'. ...##........##)..##..........##.
...##.................P#......... .................#..........F.##.
(................###..........#P. ...##..##..#......P....#......... Turn 16599
on Lair:4: but we have to try anyway ##.##### #######.#..#.# ##.##.P.......#
##.............## ## #P...#....##....# #. ## ##P..###...###..##########
..###..#P...##.#.#.##......#.##.. .............#...................
...###.##.......8................ ....#####.#..#....##..........###
...P...........#...##..#......##. .............#....###.##.......'.
...##........##)..##..........##. ...##.................P#.........
.................#..........F.##. (................###..........#P.
...##..##..#......P....#......... Turn 16601 on Lair:4: precast and go i guess
##.##### #######.#..#.# ##.##.P.......# ##.............## ## #P...#....##....#
#. ## ##P..###...###..########## ..###..#P...##.#.#.##......#.##..
.............#.wsy............... ...###.##......s8s...............
....#####.#..#.sss##..........### ...P...........#...##..#......##.
.............#....###.##.......'. ...##........##)..##..........##.
...##.................P#......... .................#..........F.##.
(................###..........#P. ...##..##..#......P....#......... Turn 16605
on Lair:4: oh shit ##.............## ## #P...#....##....# #####. ##
##P..###...###..###### ...#..###..#P...##.#.#.##......#.
................#............... ##....###.##.......>............
#......#####.#..#†...##......... ###....P...........#...##..#.....
##............†Z8#....###.##..... ##.....##.....ZZZ##)..##.........
+......##.....Z.ZZ........P#..... #.............ZZZ....#..........F
##..(.........Z......###......... ##P....##..##..#Z.....P....#.....
...>...##.##.#†#...........#..... ..............†......(##.........
......................##....#.... Turn 16622 on Lair:4: well that hurt a decent
amount ##.##### #######.#..#.# ##.##.P.......# ##.............## ##
#P...#....##....# #. ## ##P..###...###..##########
..###..#P...##.#.#.##......#.##.. .............#.Z.................
...###.##...ZZ.Z8................ ....#####.#..#ZZ..##..........###
...P........ZZZ#...##..#......##. ..........†Z.#Z...###.##.......'.
...##......Z.##)..##..........##. ...##.................P#.........
...........†.....#..........F.##. (................###..........#P.
...##..##..#......P....#......... Turn 16626 on Lair:4: but i got rid of the
welcome party ##.##### #######.#..#.# ##.##.P.......# ##.............## ##
#P...#....##....# #. ## ##P..###...###..##########
..###..#P...##.#.#.##......#.##.. .............#.Z.................
...###.##.....ZZ8................ ....#####.#..#†Z..##..........###
...P........†..#...##..#......##. ..........†††#....###.##.......'.
...##........##)..##..........##. ...##.................P#.........
...........†.....#..........F.##. (................###..........#P.
...##..##..#......P....#......... Turn 16666 on Lair:4: just stairdance for a
bit i suppose .......#.........## ............##.#..## ....†......######..#
...........##!y ##.# ..........##...$##.# ...........#$yy$#..## ....†......#
yy###..# ............#####Z..# ............##.[8Z..# .................Z.##
.†......#.....###.## .#.......^... .[# ............. #### ....†...##...
.......###.. ......## .....## Turn 16857 on Spider:1: wait is this even worth
digging ##### #...^..#####....#.... #...^....##.......... #
####.......^......... ^.## ##...^..^..#..#.#. ^.†)Z ##..#.............
..Z†.##........#........ #sZZ#.............#... #.....##.............
##.s8##............(. #####..........#.... ####................
#................... #########......#............ #........)..................
#................††....#.... #.......^..^................
#........#....#............. Turn 17014 on Spider:1: lol donald
#..#######.......^.. ##..^.###.##...^..^.. #...^.†).###..#......
#.....††.##........#. #.Z.#^#...#.......... #..#####.....##......
#^Z#.>.##.†.##....... #..Z.>.######........ #.ZZ8..#####.........
##..#>###............ #########......#..... #........)...........
#................††.. #.......^..^......... #........#....#......
#.................... #......†.....†....... Turn 17031 on Spider:1: oh ##.#####
#######.#..#.# ##.##.........# ##.............## ## #P...#....##....# #. ##
##P..###...###..########## ..###..#P...##.#.#.##......#.##..
.............#................... ...###.##.......@................
....#####.#..#....##..........### ...P...........#...##..#......##.
.............#....###.##.......'. ...##........##)..##..........##.
...##.................P#......... ...........†.....#..........F.##.
(................###..........#P. ...##..##..#......P....#......... Turn 17721
on Lair:4: and now an important question ##### #...# #...# ##...## #
#######8....##### ###### ....)..ZZZ....... ...... ######..)....## # ##....Z## ##
##...#)## ##. #...##.## ##.# ##...###.######.## .....^..<.........
###########.##)#### Turn 18220 on Elf:2: contam harm huh #...######..)....#
#...# ##....)## ##.## ##...#)# #.# #...##. ##.#########...### #..............^..
##.############### ##Z###### #@...)...# #......... ..... #####...e. #.### .....
#.# .... #.# ... #. (.. . # ... ## ....##. Turn 18269 on Elf:2: spectral
crossbow?! #####)..).####.###### ##......./∩ ##..)).....###.# #.........
#...........# #.# #..)...... #...........## #.# #......... #.......).....# #.#
#......... +.............#####.## #......... +..............##.##.###.#......#
+.................)##)#)##..)?..# #...............8.?).<)##########
##...........#.......[.))...... ..........#...>....##.###... ........####....###
#.# ##.....## ##..## #)# ###.##### #.## #.. ##....## #.## .## #......## .# #
#...?...#### #. Turn 18765 on Elf:2: close #####################
)[).'#.#)....).Z8Z.}# ##..)##[..))ZZZ.## ##.....##:).)|)(## ##.......##.).|)##
##).=).....##=.(## #)..).......##)## .)....#......### ....)###......# ....##
#...... Turn 19099 on Elf:3: +11 eh ########################
|?)?$)$)[).'#.#)....)..) ###}$}($?[.)##..)##[..)).: ##.##|$:|$:Z##.....##:).)|)
##...##):)}8##.......##.).|) #.....##($$##).=).....##=.(#
#.)...##(##)..).......##)## #.....###.)....#......### #.....#.....)###......#
#..........## #...... ##.)........## ..... ##......)...# ... ##...............
.. Turn 19118 on Elf:3: huh ###..# #.# ##...# #...# #.# #...# #.###
####'#####...# #.# #..^........# ###'#############.#'######..##
#.......(.)..##.'.#[.....#...# #..........#Z######......#...##
#..........#.Z...##......#....# #.....†....#..8..##......#....#
#..........#.....#########.+... #..........#######.........#...
##'##########:::##'########.... #........# ######.## ##.... ########'## #..#
#..... #.......### ####'######..... #.......'.# #....[.......##. #.......#.#
#............##. Turn 19756 on D:14: do i want to dig for apportation? lol
+######### ..........# #..........# #..........# #.........$# #..........#
#.........8# #..........# #..........# #..........# ########'### ####.# #)...#
#.#### #.# . Turn 19803 on D:14: trove needs horn of geryon, very nice . #..##.
..#2.#. .#.u.. Cu°Z. #..# #u.. #..# #.W# #..# ### #Z○##...#..# ###.###
#.8Z##..#..# ..###.....###....#..#..# ................$#..#††#
...##...##......##.#÷†# ##..°Z)#######.#.#.÷# ...............###.#..#
.......................# ###################....# ...........# Turn 21863 on
Vaults:5: why is there a tormentor here ##.....## #.......# ##..)....##
.##......|..##. ^.......:...... #...[)....# . #..[....# . ... .. #..B8B..# ..
#..# #..##.ZZZ.##..##...##... #...###B###...#....##... #....ZZZ....##..#..#...
##...ZZ)...##...#..#... ...#####)#####..)##..#... ...§§)..............)#...
##..).....)....##..).)... ###################..... Turn 22047 on Vaults:5: well
i could get the +10 exec axe i guess Z.#........# ).#..Z.....# #####
..##..##..Z# .}..# ..#...##..## ...[# ..#......†######...# ..#.......))ZZ##.}#
..#..##...).ZZZZ.[# #..######ZZZZZBB# #.. #####B8B# ##### ..# ..# . ..# .. Turn
22232 on Vaults:5: >earth magic ##...## #.....# ##...## ##...# #....# #
#....#.## #.......# ..#.##......## J.J....8..### ..#.......# ..........#
......#....# .......#..## ....#.#...# .....# .## .#. # ## Turn 22784 on Slime:2:
XD #.................... #................... #..................
##................. #................. #....B............ #................
###..B............ #...8B.......... .#...#..B.......... ######.............
#............. ##............ ............ ............ ........... Turn 22953
on Slime:5: hmmm ................###.. .............<.......
..................... #.................... . #[# #................... ##. !([
#.................. #..##$) ##................. #.##))φ #.................
#..##$[ #..J8............. ##.#[#) #..JW............ #.J########.W.............
..GJ#J..#..W.W.......... ..JJJJ#.JJ#............. #JJ########.............
##J#"#} #............. #..##(= ##............ #.##)}/ ............ Turn 22988 on
Slime:5: ohh ....... ##.# ..##[###...... ......... ##..?##.#.([###.....
.......... ##)|!##..##.).###...J ........... #!).[.....)).:)##.J..
..........###).[).......[.[##.... ...........# #........[.)[# #....
...........####..........####.... .............#............#......
..........##....8...........#.... ..........#####..........####.... ..........#
#..........}.# #.... ..........###)(}.......(=)[###...
...........##[..[/....)}.[.# .... ............##?.)##..##?|.##.....
.............##.[.##.#|).## ..... ..............##.# ..##(## ...............
Turn 23506 on Slime:5: -6 cloak .# ..# . ...# .. §...# ... .≈...# ......p..p.##
≈.≈.≈.# .........p.pp# .3.≈...##.{............. ≈.≈.≈.p8........∩...p...
.≈.≈Z...........&∩..3... 9.≈........3....∩....... .≈..Z..##Z............^.
≈.≈...# #............∩# .≈...# #...........## ....# #.........# ...# #.......#
....# Turn 23982 on Hell: wait, what?

Levels and vault maps discovered:
D:1:      dpeg_arrival_arbitrary_a, layout_basic,
          shapermc_ecumenical_altar_mp_ritualfount
D:2:      layout_rooms, serial_shops, nicolae_shop_hallway_stairs,
          minmay_misc_feat_hallway, uniq_natasha
D:3:      layout_rooms, okawaru_trees_2, mainiacjoe_overflow_chevrons,
          kennysheep_slug_shrine
D:4:      layout_rooms, mainiacjoe_overflow_24_doors, serial_shops,
          nicolae_shop_advertising_works [nicolae_subvault_shop_adworks]
D:5:      layout_loops_cross, amcnicky_altar_gilded, old_standard_altar,
          portal_sewer_entry_f, minmay_increasing_density
D:6:      layout_layer_cave, nicolae_uskayaw_suspiria, ebering_ghost_sewer_f,
          uniq_prince_ribbit1
D:7:      layout_loops_ring, minmay_temple_entry_statues_pillars,
          biasface_ghost_orc_armoury, kennysheep_decorative_pillar,
          uniq_crazy_yiuf_cottage
D:8:      layout_layer_cave, serial_shops, nicolae_shop_behind_doors,
          amcnicky_mini_pool_medium, uniq_psyche
D:9:      due_chaos_kobolds, layout_gridville, lemuel_round_altar,
          mainiacjoe_overflow_small_starburst, mainiacjoe_overflow_divided_tiny,
          dpeg_lair_monsters
D:10:     minmay_the_grid_net [minmay_the_grid_plusring, minmay_the_grid_empty,
          minmay_the_grid_small_cups, minmay_the_grid_box_x,
          minmay_the_grid_aliased_spiral, minmay_the_grid_prize_big_room],
          layout_loops_ring, uniq_grum, uniq_josephine
D:11:     nicolae_cairo_tiling_large_dashed, layout_cave_pools
D:12:     layout_basic, hiddenorc2_lemuel
D:13:     nzn_winding_woodlands_small
          [nzn_winding_woodlands_5x15_pathside_ponds,
          nzn_winding_woodlands_center_triple_pond,
          nzn_winding_woodlands_5x15_twine], layout_rooms,
          grunt_vaults_entry_tiered, serial_shops, shop_statue, shop, shop,
          shop, minmay_misc_feat_enclosed, uniq_snorg, uniq_rupert
D:14:     layout_roguey, enter_trove_0, serial_shops, nicolae_take_the_stairs,
          nicolae_two_hexagons, nicolae_sif_muna_little_library
D:15:     hangedman_depths_entry_civil_slaughter, layout_loops_ring,
          grunt_decor_mini_mirrors
Temple:   minmay_freezing_vapour_temple
Lair:1:   layout_misc_corridors, grunt_forest_large_clearing_hut,
          serial_bayou_shore_a, infiniplex_staircase_pool_2
Lair:2:   layout_roguey, palyth_hydra_swamp_entry, grunt_megastairs_3,
          lemuel_fruit_fields
Lair:3:   layout_big_grid, hellmonk_guarded_unrand_vines, grunt_megastairs_4
Lair:4:   layout_regular_city, nicolae_spider_entry_non_spiders, st_stairs_8,
          minivault_23, nicolae_lair_run_with_the_wolves
Lair:5:   layout_gridlike, nicolae_quartered_pool_medium, tgw_fedhas
Lair:6:   hangedman_lair_in_review, layout_cave_pods, slime_altar_1
Swamp:1:  layout_falls_marsh, evilmike_swamp_ruin_house_5, swamp_pool1,
          uniq_nikola, uniq_kirke, uniq_aizul
Swamp:2:  layout_falls_marsh, evilmike_swamp_ruin_house_4
Swamp:3:  layout_basic_swamp, evilmike_swamp_ruin_wall, swamp_pool5,
          nicolae_swamp_spooky_pond, uniq_louise, uniq_mlioglotl
Swamp:4:  swamp, layout_basic_swamp
Spider:1: nicolae_spider_corner, spiders_nest_hornet_nest, uniq_donald
Spider:2: layout_spider_delve, hangedman_spider_mandibles
Spider:3: layout_spider_delve, nicolae_spider_webs_and_nodes,
          nicolae_spider_not_touching_you, nicolae_spider_cling_halls
Spider:4: grunt_spider_rune_circles, gammafunk_ghost_berserking_beasts,
          uniq_roxanne
Slime:1:  layout_caves, nicolae_slime_barrier,
          cheibrodos_slime_lost_civilization_5
Slime:2:  cheibrodos_slime_lost_civilization_2, layout_caves
Slime:3:  layout_caves
Slime:4:  layout_caves
Slime:5
Orc:1:    layout_caves, portal_ice_cave_demonic_guard, gammafunk_ghost_cemetery
Orc:2:    grunt_orc_community_town_hall, layout_caves,
          grunt_orc_community_big_house_2, grunt_orc_community_big_house_2,
          grunt_orc_community_house_2, grunt_orc_community_house_2,
          grunt_orc_community_house_3, grunt_orc_community_house_3
Elf:1:    nicolae_elf_arrival_aired_out, layout_rooms,
          ebering_ghost_disaster_area, kennysheep_underground_church,
          grunt_megastairs_2
Elf:2:    elven_hall_of_blades_hangedman_original [nicolae_blade_bullseye],
          layout_rooms, serial_shops, shop, lemuel_flamethrower_1
Elf:3:    minmay_elf_hall_four_x, layout_onion_city, ebering_ghost_inner_flame
Vaults:1: nicolae_vaults_border_crossing, vaults_mumra_hex,
          nicolae_vaults_big_ls, nicolae_vaults_circle_grid_a,
          vaults_room_corners, hangedman_vaults_maws, v_misc_26, v_misc_22,
          vaults_room_hallway, vaults_room_pool, vaults_room_grid,
          layout_vaults_omnicross
Vaults:2: nicolae_vaults_stairing_the_circle, v_alt_pattern_3,
          nicolae_vaults_little_squares_5, vaults_room_fours,
          vaults_mumra_minichess, nicolae_vaults_little_squares_5, v_misc_16,
          nicolae_vaults_yaktaur_gun_rack, layout_vaults_omnigrid,
          minmay_crypt_entry_skeletal_spiral
Vaults:3: hangedman_vaults_corner, hangedman_vaults_slice,
          nicolae_vaults_circle_grid_b, vaults_dpeg_spiral, v_misc_26,
          dpeg_vaults_monster_row, st_lines, ontoclasm_vaults_chip, v_misc_25,
          v_alt_pattern_2, v_misc_16, layout_vaults_maze
Vaults:4: v_misc_27, v_pattern_5, hangedman_vaults_hat, st_check,
          vaults_room_fancy_cross, v_misc_3, v_alt_pattern_3,
          hangedman_vaults_snaps, vaults_room_fancy_cross,
          hangedman_vaults_trim, nicolae_vaults_little_squares_4,
          vaults_dpeg_cross, vaults_room_pools, layout_vaults_ring, uniq_mara
Vaults:5: uniq_margery
Depths:1: layout_gridlike, abyss_entry, nicolae_twisting_strands,
          rand_demon_pan_entry_9, grunt_hell_entry_dis_grunt,
          nicolae_dithmenos_through_a_glass_darkly
Hell

Skill      XL: |  1  2  3  4  5  6  7  8  9 10 11 12 13 14 15 16 17 18 19 20 21 22 23 |
---------------+----------------------------------------------------------------------+-----
Axes           | 4 |  4.0
Fighting       | 3 4 5 6 8 10 11 12 13 | 13.2
Spellcasting   | 1 2 3 4 6 7 8 9 10 11 12 13 | 13.0
Necromancy     | 1 3 5 6 7 8 10 12 13 14 15 18 19 | 19.0
Shields        | 1 3 4 |  4.0
Ice Magic      | 3 6 9 |  9.4
Dodging        | 4 5 6 7 9 10 | 10.4
Earth Magic    | 6 8 10 13 15 17 18 | 18.7
Evocations     | 1 4 |  4.4
Maces & Flails | 5 7 9 10 11 | 11.7
Transmutations | 3 7 10 12 13 | 13.5
Stealth        | 1 5 6 |  6.0
Translocations | 4 |  4.0
Summonings     | 1 4 |  4.7
Throwing       | |  2.3

Action                   |  1- 3 |  4- 6 |  7- 9 | 10-12 | 13-15 | 16-18 | 19-21 | 22-24 || total
-------------------------+-------+-------+-------+-------+-------+-------+-------+-------++-------
Melee: War axe           |    60 |    49 |     8 |       |       |       |       |       ||   117
       Short sword       |    12 |   116 |    71 |     2 |       |       |       |       ||   201
       Morningstar       |       |       |    23 |     6 |       |       |       |       ||    29
       Long sword        |       |       |     1 |       |       |       |       |       ||     1
       Flail             |       |       |       |    23 |   340 |   284 |   242 |   206 ||  1095
 Fire: Shortbow          |       |       |   141 |   182 |       |       |       |       ||   323
Throw: Throwing net      |     4 |       |       |       |       |       |       |       ||     4
       Dart              |       |    10 |     2 |     5 |    74 |     1 |       |       ||    92
       Boomerang         |       |       |       |       |       |     5 |     3 |     5 ||    13
 Cast: Vampiric Draining |       |       |    25 |    15 |       |       |       |       ||    40
       Corpse Rot        |       |       |     4 |     2 |     2 |     2 |       |       ||    10
       Frozen Ramparts   |       |       |     5 |    46 |    89 |    16 |     9 |     2 ||   167
       Borgnjor's Vile C |       |       |       |    56 |   189 |   145 |   222 |    63 ||   675
       Animate Dead      |       |       |       |     5 |     3 |     1 |       |       ||     9
       Simulacrum        |       |       |       |       |    29 |     8 |     5 |     4 ||    46
       Sublimation of Bl |       |       |       |       |     7 |       |       |       ||     7
       Death Channel     |       |       |       |       |     1 |    35 |    51 |    13 ||   100
       Wereblood         |       |       |       |       |     1 |       |       |       ||     1
       Statue Form       |       |       |       |       |       |    45 |    59 |    33 ||   137
       Apportation       |       |       |       |       |       |       |    21 |    47 ||    68
       Infestation       |       |       |       |       |       |       |     4 |    20 ||    24
       Haunt             |       |       |       |       |       |       |       |    24 ||    24
Invok: Receive Corpses   |       |       |     3 |     4 |     1 |       |     2 |     2 ||    12
       Receive Forbidden |       |       |       |       |       |       |     1 |       ||     1
 Abil: Evoke Blink       |       |       |       |       |       |     5 |       |       ||     5
       End Transformatio |       |       |       |       |       |       |     1 |       ||     1
Evoke: Wand              |       |       |     1 |    12 |    11 |     7 |     4 |       ||    35
       Phantom mirror    |       |       |       |       |       |       |       |     1 ||     1
       Condenser vane    |       |       |       |       |       |       |       |     1 ||     1
  Use: Potion            |       |     4 |     6 |     3 |       |     4 |       |     2 ||    19
       Scroll            |       |     3 |     5 |     6 |     8 |    10 |     4 |    10 ||    46
 Stab: Held in net/web   |     1 |       |       |       |       |       |       |       ||     1
       Sleeping          |       |     1 |       |       |     2 |     1 |     2 |       ||     6
       Distracted        |       |       |       |       |       |     8 |     5 |     5 ||    18
Armor: Leather armour    |    17 |    15 |    39 |    40 |       |       |       |       ||   111
       Ring mail         |       |    26 |    37 |       |       |       |       |       ||    63
       Robe              |       |       |       |    15 |    82 |     5 |     1 |       ||   103
       Skin              |       |       |       |       |       |   681 |   327 |   285 ||  1293
Dodge: Dodged            |    38 |    96 |   141 |   144 |   301 |   539 |   338 |   251 ||  1848
Block: Other             |       |       |    36 |    48 |       |       |       |       ||    84
       Reflection        |       |       |     4 |     2 |       |       |       |       ||     6
       Buckler           |       |       |       |       |    86 |   175 |   112 |    65 ||   438

Table legend: (Time is in decaauts)
 A = Elapsed time spent in this place.
 B = Non-inter-level travel time spent in this place.
 C = Inter-level travel time spent in this place.
 D = Time resting spent in this place.
 E = Time spent auto-exploring this place.
 F = Levels seen in this place.
 G = Mean time per level.
                   A        B        C        D        E       F      G
               +--------+--------+--------+--------+--------+-----+--------+
         Total |  28496 |  25413 |   3083 |    186 |      0 |  47 |  606.3 |
       Dungeon |  12888 |  11325 |   1563 |    143 |      0 |  15 |  859.2 |
        Temple |      1 |      1 |      0 |      0 |      0 |   1 |    1.0 |
          Lair |   4674 |   3796 |    878 |     16 |      0 |   6 |  779.0 |
         Swamp |   1716 |   1671 |     45 |      0 |      0 |   4 |  429.0 |
   Spider Nest |   1549 |   1424 |    125 |      0 |      0 |   4 |  387.2 |
    Slime Pits |   1370 |   1291 |     79 |     27 |      0 |   5 |  274.0 |
  Orcish Mines |   1705 |   1577 |    128 |      0 |      0 |   2 |  852.5 |
   Elven Halls |   2047 |   1863 |    184 |      0 |      0 |   3 |  682.3 |
        Vaults |   2404 |   2327 |     77 |      0 |      0 |   5 |  480.8 |
        Depths |    120 |    120 |      0 |      0 |      0 |   1 |  120.0 |
          Hell |     17 |     17 |      0 |      0 |      0 |   1 |   17.0 |
               +--------+--------+--------+--------+--------+-----+--------+

Top non-repeatable levels by time:
     D:9: 2368 daAuts
    D:10: 1704 daAuts
     D:7: 1146 daAuts
   Elf:3: 1099 daAuts
   Orc:2: 1092 daAuts
  Lair:4: 1024 daAuts
     D:5: 922 daAuts
  Lair:1: 914 daAuts
     D:2: 861 daAuts
    D:14: 820 daAuts
  Lair:6: 799 daAuts
  Lair:2: 755 daAuts
Vaults:2: 741 daAuts
Vaults:5: 738 daAuts
 Swamp:1: 722 daAuts
